 Dungeon Crawl Stone Soup version 0.23-a0-767-gdc19b93d68 (webtiles) character file.

2192664 AxeAttX the End of an Era (level 27, 245/245 HPs)
             Began as a Hill Orc Fighter on Jan 18, 2019.
             Was the Champion of Qazlal.
             Escaped with the Orb
             ... and 4 runes on Jan 20, 2019!
             The game lasted 03:17:04 (85667 turns).

AxeAttX the End of an Era (Hill Orc Fighter)       Turns: 85667, Time: 03:17:05

Health: 245/245    AC: 47    Str: 42    XL:     27
Magic:  40/40      EV: 18    Int:  9    God:    Qazlal [******]
Gold:   9000       SH: 44    Dex: 13    Spells: 26/26 levels left

rFire    + + .     SeeInvis +   x - +8 mithril axe "Arga" {speed, MR+}
rCold    + . .     Gourm    .   I - +7 large shield {reflect}
rNeg     . . .     Faith    .   b - +11 crystal plate armour "Ugodd" {rF+}
rPois    +         Spirit   .   H - +1 helmet of Winter {rElec MR+}
rElec    +         Reflect  +   Z - +2 cloak {+Inv}
rCorr    .         Harm     .   c - +0 pair of fencer's gloves {Riposte Dex+3}
MR       ++++.     Clarity  +   D - +2 pair of boots of the Assassin {Detection Stab+ Stlth++}
Stlth    ..........             f - amulet "Raingedage" {Regen+ Str+6 Dex+2}
HPRegen  1.30/turn              m - ring of Undoing {rF+ rC+ Str+4 Int+3}
MPRegen  0.27/turn              F - ring of Punathri {rPois Slay+3 SInv Stlth+}

@: repel missiles
A: talons 2, clarity, clumsy 1, deformed body, dopey 1, frail 1, regeneration 1,
no potion heal 1, subdued magic 1
0: Orb of Zot
}: 4/15 runes: decaying, serpentine, slimy, silver
a: Upheaval, Elemental Force, Disaster Area, Renounce Religion, Evoke
Invisibility


You escaped.
You worshipped Qazlal.
Qazlal was exalted by your worship.
You were very full.

You visited 12 branches of the dungeon, and saw 58 of its levels.
You visited 1 bazaar.
You visited 1 ziggurat, and saw 6 of its levels.
You also visited: Trove and Wizlab.

You collected 11971 gold pieces.
You spent 2971 gold pieces at shops.

Inventory:

Hand Weapons
 x - the +8 mithril axe "Arga" (weapon) {speed, MR+}
   (You found it on level 3 of the Elven Halls)

   Attacks with this weapon are significantly faster.
   It affects your resistance to hostile enchantments.
Missiles
 G - 8 throwing nets (quivered) {trove 16 id}
Armour
 a - the +0 cloak of Elyvilon's Envy {Regen+ rCorr MP-9 Str+2}
   (You found it in a treasure trove)

   It affects your strength (+2).
   It affects your magic capacity (-9).
   It increases your rate of regeneration.
   It provides partial protection from all sources of acid and corrosion.
 b - the +11 crystal plate armour "Ugodd" (worn) {rF+}
   (You found it in a treasure trove)

   It protects you from fire.
 c - the +0 pair of fencer's gloves (worn) {Riposte Dex+3}
   (You found it on level 5 of the Pits of Slime)

   It affects your dexterity (+3).
 D - the +2 pair of boots of the Assassin (worn) {Detection Stab+ Stlth++}
   (You bought it in a shop in a bazaar)

   It makes you much more stealthy.
 H - the +1 helmet of Winter (worn) {rElec MR+}
   (You found it in a treasure trove)

   It insulates you from electricity.
   It affects your resistance to hostile enchantments.
 I - a +7 large shield of reflection (worn)
   (You took it off a vault warden on level 5 of the Vaults)
 Z - a +2 cloak of invisibility (worn)
   (You found it in a wizard's laboratory)
Jewellery
 f - the amulet "Raingedage" (around neck) {Regen+ Str+6 Dex+2}
   (You found it on level 5 of the Vaults)

   [amulet of regeneration]

   It affects your strength (+6).
   It affects your dexterity (+2).
   It increases your rate of regeneration.
 k - the ring of Vunes {MR+ Int+3}
   (You found it on level 6 of the Lair of Beasts)

   [ring of protection from magic]

   It affects your intelligence (+3).
   It affects your resistance to hostile enchantments.
 m - the ring of Undoing (left hand) {rF+ rC+ Str+4 Int+3}
   (You found it on level 5 of a ziggurat)

   [ring of protection from fire]

   It affects your strength (+4).
   It affects your intelligence (+3).
   It protects you from fire.
   It protects you from cold.
 F - the ring of Punathri (right hand) {rPois Slay+3 SInv Stlth+}
   (You took it off a spriggan druid on level 2 of the Swamp)

   [ring of poison resistance]

   It affects your accuracy and damage with ranged weapons and melee attacks
   (+3).
   It protects you from poison.
   It lets you see invisible.
   It makes you more stealthy.
 M - the amulet "Zoeschish" {RegenMP MR+ Int+3}
   (You found it on level 4 of the Lair of Beasts)

   [amulet of magic regeneration]

   It increases your magic regeneration.
   It affects your intelligence (+3).
   It affects your resistance to hostile enchantments.
Wands
 g - a wand of digging (7)
   (You found it on level 15 of the Dungeon)
 y - a wand of iceblast (77)
   (You took it off an orc warrior on level 8 of the Dungeon)
 B - a wand of paralysis (50)
   (You found it on level 10 of the Dungeon)
 C - a wand of scattershot (10)
   (You took it off a deep elf mage on level 3 of the Elven Halls)
 T - a wand of acid (34)
   (You took it off a naga on level 4 of the Snake Pit)
 U - a wand of enslavement (29)
   (You took it off Ijyb on level 3 of the Dungeon)
Scrolls
 i - 5 scrolls of immolation
 p - 3 scrolls of silence
 r - 13 scrolls of identify
 t - 30 scrolls of teleportation
 u - 6 scrolls of fog
 z - 7 scrolls of blinking
 E - 5 scrolls of magic mapping
 P - 30 scrolls of remove curse
 S - 2 scrolls of holy word
 X - 4 scrolls of summoning
 Y - 6 scrolls of fear
Potions
 d - 2 potions of might
 h - 3 potions of haste
 j - 8 potions of flight
 l - 4 potions of cancellation
 n - 2 potions of resistance
 q - 24 potions of curing
 s - 7 potions of agility
 v - 2 potions of brilliance
 w - 7 potions of heal wounds
 A - a potion of mutation
 L - 4 potions of magic
 N - 9 potions of ambrosia
 O - 2 potions of berserk rage
 V - 3 potions of invisibility
Miscellaneous
 Q - 5 phantom mirrors
Comestibles
 e - 53 rations


   Skills:
 O Level 27 Fighting
 - Level 20.0 Axes
 + Level 25.2 Armour
 + Level 17.6 Dodging
 + Level 24.2 Shields
 O Level 27 Invocations
 - Level 13.0 Evocations


You had 26 spell levels left.
You didn't know any spells.
Your spell library contained the following spells:

 Spells                   Type           Power        Failure   Level  Hunger
 Animate Skeleton         Necr           N/A          83%         1    ##.....
 Apportation              Tloc           #.....       83%         1    ##.....
 Beastly Appendage        Tmut           #.....       83%         1    ##.....
 Confusing Touch          Hex            #.....       83%         1    ##.....
 Corona                   Hex            #......      83%         1    ##.....
 Flame Tongue             Conj/Fire      #....        83%         1    ##.....
 Infusion                 Chrm           #...         83%         1    ##.....
 Magic Dart               Conj           #...         83%         1    ##.....
 Pain                     Necr           #...         83%         1    ##.....
 Summon Butterflies       Summ           #.......     83%         1    ##.....
 Summon Small Mammal      Summ           #...         83%         1    ##.....
 Blink                    Tloc           N/A          93%         2    ###....
 Call Imp                 Summ           #.......     93%         2    ###....
 Corpse Rot               Necr           N/A          93%         2    ###....
 Ensorcelled Hibernation  Hex/Ice        #.....       93%         2    ###....
 Passwall                 Tmut/Erth      #.......     93%         2    ###....
 Searing Ray              Conj           #.....       93%         2    ###....
 Shroud of Golubria       Chrm/Tloc      #.........   93%         2    ###....
 Slow                     Hex            #.......     93%         2    ###....
 Sticks to Snakes         Tmut           #.......     93%         2    ###....
 Sublimation of Blood     Necr           #.........   93%         2    ###....
 Swiftness                Chrm/Air       #.......     93%         2    ###....
 Throw Frost              Conj/Ice       #.....       93%         2    ###....
 Call Canine Familiar     Summ           #.......     99%         3    ####...
 Confuse                  Hex            #.......     99%         3    ####...
 Conjure Flame            Conj/Fire      #.......     99%         3    ####...
 Dazzling Spray           Conj/Hex       #.....       99%         3    ####...
 Gell's Gravitas          Tloc           #.........   99%         3    ####...
 Ignite Poison            Fire/Tmut/Pois #.......     99%         3    ####...
 Inner Flame              Hex/Fire       #.......     99%         3    ####...
 Lesser Beckoning         Tloc           #.........   99%         3    ####...
 Mephitic Cloud           Conj/Pois/Air  #.......     99%         3    ####...
 Ozocubu's Armour         Chrm/Ice       #.......     99%         3    ####...
 Portal Projectile        Hex/Tloc       #.....       99%         3    ####...
 Regeneration             Chrm/Necr      #.........   99%         3    ####...
 Spider Form              Tmut/Pois      #.........   99%         3    ####...
 Static Discharge         Conj/Air       #.......     99%         3    ####...
 Stone Arrow              Conj/Erth      #.....       99%         3    ####...
 Summon Guardian Golem    Hex/Summ       #.......     99%         3    ####...
 Teleport Other           Tloc           #.......     99%         3    ####...
 Tukima's Dance           Hex            #.......     99%         3    ####...
 Vampiric Draining        Necr           #.........   99%         3    ####...
 Animate Dead             Necr           N/A          100%        4    #####..
 Cause Fear               Hex            #.........   100%        4    #####..
 Force Lance              Conj/Tloc      #.......     100%        4    #####..
 Fulminant Prism          Conj/Hex       #.........   100%        4    #####..
 Ice Form                 Ice/Tmut       #.......     100%        4    #####..
 Iskenderun's Mystic Bla  Conj           #.......     100%        4    #####..
 Leda's Liquefaction      Hex/Erth       #.........   100%        4    #####..
 Petrify                  Tmut/Erth      #.......     100%        4    #####..
 Sticky Flame             Conj/Fire      #.......     100%        4    #####..
 Summon Ice Beast         Ice/Summ       #.......     100%        4    #####..
 Summon Lightning Spire   Summ/Air       #.......     100%        4    #####..
 Agony                    Necr           #.......     100%        5    ######.
 Alistair's Intoxication  Tmut/Pois      #.......     100%        5    ######.
 Blade Hands              Tmut           #.........   100%        5    ######.
 Bolt of Draining         Conj/Necr      #.........   100%        5    ######.
 Bolt of Magma            Conj/Fire/Erth #.........   100%        5    ######.
 Borgnjor's Vile Clutch   Necr/Erth      #.........   100%        5    ######.
 Dispel Undead            Necr           #.......     100%        5    ######.
 Excruciating Wounds      Chrm/Necr      #.........   100%        5    ######.
 Fireball                 Conj/Fire      #.........   100%        5    ######.
 Irradiate                Conj/Tmut      #.........   100%        5    ######.
 Iskenderun's Battlesphe  Conj/Chrm      #.......     100%        5    ######.
 Lee's Rapid Deconstruct  Erth           #.........   100%        5    ######.
 Lightning Bolt           Conj/Air       #.........   100%        5    ######.
 Silence                  Hex/Air        #.........   100%        5    ######.
 Summon Mana Viper        Hex/Summ       #.......     100%        5    ######.
 Venom Bolt               Conj/Pois      #.........   100%        5    ######.
 Yara's Violent Unravell  Hex/Tmut       #.........   100%        5    ######.
 Bolt of Fire             Conj/Fire      #.........   100%        6    #######
 Conjure Ball Lightning   Conj/Air       #.........   100%        6    #######
 Darkness                 Hex            #.........   100%        6    #######
 Deflect Missiles         Chrm/Air       #.........   100%        6    #######
 Dispersal                Tloc           #.........   100%        6    #######
 Hydra Form               Tmut           #.........   100%        6    #######
 Invisibility             Hex            #.......     100%        6    #######
 Iron Shot                Conj/Erth      #.........   100%        6    #######
 Poison Arrow             Conj/Pois      #.........   100%        6    #######
 Shadow Creatures         Summ           N/A          100%        6    #######
 Statue Form              Tmut/Erth      #........    100%        6    #######
 Dragon Form              Tmut           #.........   100%        7    #######
 Orb of Destruction       Conj           #.........   100%        7    #######
 Ring of Flames           Chrm/Fire      #.........   100%        7    #######
 Spellforged Servitor     Conj/Summ      #.........   100%        7    #######
 Summon Hydra             Summ           #.........   100%        7    #######
 Chain Lightning          Conj/Air       #.........   100%        8    #######
 Controlled Blink         Tloc           N/A          100%        8    #######
 Discord                  Hex            #.........   100%        8    #######
 Disjunction              Tloc           #.........   100%        8    #######
 Ignition                 Fire           #.........   100%        8    #######
 Lehudib's Crystal Spear  Conj/Erth      #.........   100%        8    #######
 Fire Storm               Conj/Fire      #.........   100%        9    #######
 Glaciate                 Conj/Ice       #.........   100%        9    #######
 Shatter                  Erth           #.........   100%        9    #######
 Tornado                  Air            #.........   100%        9    #######
 Passage of Golubria      Tloc           Unusable     N/A         4    N/A

Dungeon Overview and Level Annotations

Branches:
Dungeon (15/15)            Temple (1/1) D:7            Lair (6/6) D:11
  Swamp (4/4) Lair:2        Snake (4/4) Lair:4        Slime (5/5) Lair:5
    Orc (2/2) D:9             Elf (3/3) Orc:2        Vaults (5/5) D:14
  Crypt (3/3) Vaults:3       Tomb (0/3) Crypt:3      Depths (5/5) D:15
    Zot (5/5) Depths:5

Altars:
Ashenzari
Cheibriados
Dithmenos
Elyvilon
Fedhas
Gozag
Hepliaklqana
Kikubaaqudgha
Makhleb
Nemelex Xobeh
Okawaru
Qazlal
Ru
Sif Muna
Trog
Uskayaw
Vehumet
Wu Jian
Xom
Yredelemnul
Zin
The Shining One
Beogh
Jiyva
Lugonu

Shops:
D:4 ?   D:7 }   D:13 [   D:15 (   Orc:2 [([=   Elf:1 (   Elf:2 ==}*
Vaults:1 !   Vaults:2 [:(   Vaults:3 !   Vaults:4 }   Depths:5 *

Portals:
Hell: Depths:1 Depths:2 Depths:3 Depths:4 Depths:5
Abyss: Depths:1 Depths:4
Pandemonium: Depths:3

Annotations:
D:6 exclusion: door
Lair:2 exclusion: 3 oklob plants
Snake:3 1 runed door, Piabrimm's ghost, adept OgTm


Innate Abilities, Weirdness & Mutations

You have razor-sharp toenails.
You possess an exceptional clarity of mind.
You are clumsy. (Dex -2)
Armour fits poorly on your strangely shaped body.
You are dopey. (Int -2)
You are frail. (-10% HP)
Your natural rate of healing is unusually fast.
Potions are less effective at restoring your health.
Your spells are a little easier to cast, but a little less powerful.


Message History

You kill the hellion!
Qazlal accepts your kill.
(D) Dungeon (T) Temple (L) Lair (S) Swamp (P) Snake Pit (M) Slime Pits (O) Orcish Mines (E) Elven Halls (V) Vaults (C) Crypt (W) Tomb (U) Depths (H) Hell (Z) Zot
Where to? (Enter - D:1, ? - help)
A soul eater comes into view.
There is a stone staircase leading up here.
You block the soul eater's attack.
You hit the soul eater but do no damage.
The soul eater draws from the surrounding life force!
There is a stone staircase leading up here.
You slash the soul eater!
The soul eater is lightly wounded.
The soul eater draws from the surrounding life force!
The soul eater is healed.
You slice the soul eater!!
The soul eater is moderately wounded.
You slash the soul eater!
The soul eater is severely wounded.
You slash the soul eater!
The soul eater is almost dead.
You block the soul eater's attack.
You slice the soul eater!!
You kill the soul eater!
You climb upwards.
There is a stone staircase leading down here.
(D) Dungeon (T) Temple (L) Lair (S) Swamp (P) Snake Pit (M) Slime Pits (O) Orcish Mines (E) Elven Halls (V) Vaults (C) Crypt (W) Tomb (U) Depths (H) Hell (Z) Zot
Where to? (Enter - D:1, ? - help)
There is a stone staircase leading up here.
You climb upwards.
Level annotation: exclusion: door
There is a stone staircase leading down here.
An Orb Guardian comes into view.
There is a stone staircase leading up here.
HP restored.
You climb upwards.
There is a stone staircase leading down here.
(D) Dungeon (T) Temple (L) Lair (S) Swamp (P) Snake Pit (M) Slime Pits (O) Orcish Mines (E) Elven Halls (V) Vaults (C) Crypt (W) Tomb (U) Depths (H) Hell (Z) Zot
Where to? (Enter - D:1, ? - help)
A hellion comes into view.
There is a stone staircase leading up here.
The hellion gestures at you.
The sphere of damnation explodes!
The damnation engulfs you!
You climb upwards.
There is a stone staircase leading down here.
(D) Dungeon (T) Temple (L) Lair (S) Swamp (P) Snake Pit (M) Slime Pits (O) Orcish Mines (E) Elven Halls (V) Vaults (C) Crypt (W) Tomb (U) Depths (H) Hell (Z) Zot
Where to? (Enter - D:1, ? - help)
There is a stone staircase leading up here.
You climb upwards.
There is a stone staircase leading down here.
An Orb Guardian comes into view.
You slice the Orb Guardian!!
The Orb Guardian is moderately wounded.
You slice the Orb Guardian!!
The Orb Guardian is severely wounded.
You slice the Orb Guardian!!
You kill the Orb Guardian!
Qazlal accepts your kill.
(D) Dungeon (T) Temple (L) Lair (S) Swamp (P) Snake Pit (M) Slime Pits (O) Orcish Mines (E) Elven Halls (V) Vaults (C) Crypt (W) Tomb (U) Depths (H) Hell (Z) Zot
Where to? (Enter - D:1, ? - help)
You see here a poisoned needle.
HP restored.
You see here a +0 war axe.
You see here 4 stones.
You see here a +0 dagger.
Items here: ( ))) [ a +0 leather armour; a +0 club; 10 poisoned needles; a +0 whip; a +0 blowgun
There is a stone staircase leading up here.
You climb upwards.
There is a stone staircase leading down here.
There is a stone staircase leading up here.
You climb upwards.
There is a stone staircase leading down here.
A red devil comes into view. It is wielding a +0 trident.
The red devil is engulfed in freezing vapours.
The red devil hops backward while attacking.
You block the red devil's attack.
You hit the red devil.
The red devil is severely wounded.
You block the red devil's attack.
You carve the red devil like a ham!!!
You kill the red devil!
Qazlal accepts your kill.
You see here a +0 trident.
There is a staircase leading out of the dungeon here.
You have escaped!

.#......#.#...........#.#........
.#..###.##.....#.#.....##.#######
.#..###.#......#.#......#.#
.#..#...#......#.#......#.#######
.#..###.#....#.#.#.#....#........
........#...##.#.#.##...#.####.##
##..###.#.....⌠#.#⌠.....#.# #.#
........#..#####.#####..#.####.##
###.###.........@.........##.....
....###.#..#####.#####..#.##...##
........#.....⌠#.#⌠.....#...)....
...####.#...##.#.#.##...####...##
........#....#.#.#.#....#......#
.######.#......#.#......#####..#
........#......#.#......# #..#
.#)###..##.....#.#.....## #.##
.#.###..#[#...........#.# #.#


There were no monsters in sight!

Vanquished Creatures
  the Royal Jelly (Slime:5)
  Dissolution (Slime:4)
  8 ancient liches
  8 orbs of fire
  2 juggernauts
  The ghost of guttsta the Slayer, a legendary DDFi of Makhleb (Zot:1)
  A pandemonium lord (Zig:6)
  Boris (Depths:3)
  8 Killer Klowns
  2 caustic shrikes (Depths:3)
  4 curse toes
  Saint Roka (Crypt:2)
  12 golden dragons
  2 bone dragons
  Nikola (Snake:4)
  A Hellbinder (WizLab)
  3 electric golems
  An iron giant (Zot:4)
  19 tentacled monstrosities
  An Ice Fiend (Zot:1)
  27 Orb Guardians
  6 liches
  A Hell Sentinel (D:11)
  2 quicksilver dragons
  2 deep elf master archers (Elf:3)
  11 acid blobs
  2 Executioners
  A deep elf blademaster (Elf:3)
  3 titans (Vaults:5)
  3 ancient champions
  7 sphinxes
  8 death cobs
  6 tengu reavers
  2 thorn hunters
  14 storm dragons
  11 shadow dragons
  13 nagarajas
  3 revenants
  10 fire giants
  17 frost giants
  9 azure jellies (Slime:5)
  12 vault wardens
  Louise (Swamp:1)
  6 draconian knights
  11 draconian monks
  9 deep elf sorcerers
  2 iron dragons
  5 ghost moths
  2 balrugs (WizLab)
  9 ghouls
  6 draconian stormcallers
  3 angels
  4 deep elf elementalists
  2 cacodemons
  10 draconian scorchers
  6 draconian shifters
  5 draconian annihilators
  4 curse skulls
  2 reapers
  4 spriggan defenders
  22 stone giants
  17 ironheart preservers
  32 very ugly things
  A juggernaut skeleton (Crypt:2)
  6 war gargoyles
  10 black draconians
  10 green draconians
  An entropy weaver (Lair:4)
  4 black suns
  4 vampire knights
  6 deep elf demonologists
  The ghost of
  1492 the Cleaver, a journeyman DEBe of Trog (Depths:1)
  A lorocyproca (D:15)
  12 white draconians
  9 deep elf annihilators
  14 red draconians
  9 spark wasps
  5 purple draconians
  11 yellow draconians
  5 deep elf death magi
  2 eidola (Crypt:2)
  14 ettins
  7 jiangshi
  10 death oozes (Slime:5)
  5 green deaths
  5 blizzard demons
  19 yaktaur captains
  15 fire dragons
  28 naga warriors
  4 deep elf high priests
  Erolcha (D:9)
  16 hydras
  10 great orbs of eyes
  12 spriggan air magi
  38 vault guards
  3 hell beasts
  21 ice dragons
  Harold (D:7)
  4 shambling mangroves
  10 anacondas
  5 death knights
  7 ghost crabs
  8 rakshasas
  4 death yaks
  11 alligators
  9 centaur warriors
  2 catoblepae (Lair:5)
  16 ogre magi
  49 two-headed ogres
  4 tengu warriors
  4 vampire magi
  5 deep troll shamans
  8 deep troll earth magi
  A two-headed ogre (shapeshifter) (Vaults:3)
  A queen ant (Lair:4)
  5 spriggan berserkers
  7 shock serpents
  26 dancing weapons
  21 naga sharpshooters
  2 thrashing horrors (Swamp:4)
  2 orc high priests (Elf:3)
  10 spriggans
  A storm dragon zombie (Crypt:3)
  3 soul eaters
  A sun demon (WizLab)
  Nergalle (D:12)
  16 deep elf knights
  29 hell knights
  A fire crab (Lair:6)
  2 sixfirhies
  21 skeletal warriors
  3 titan skeletons
  5 spriggan druids
  3 iron trolls
  5 unseen horrors
  A deep troll (shapeshifter) (Vaults:3)
  5 glowing orange brains
  An infernal demonspawn (Zot:1)
  A sea snake (Snake:3)
  7 swamp dragons
  4 wizards
  A death drake (shapeshifter) (Vaults:1)
  A salamander mystic (Snake:3)
  A shadow demon (WizLab)
  3 flayed ghosts
  9 naga ritualists
  31 deep trolls
  A lindwurm (shapeshifter) (Elf:3)
  3 lindwurms
  An anaconda skeleton (Crypt:3)
  5 large abominations
  5 oklob plants
  69 deep elf magi
  11 ironbrand convokers
  4 harpies (Vaults:3)
  10 necromancers
  19 deep elf archers
  14 phantasmal warriors
  52 ugly things
  8 orc knights
  2 shadow dragon skeletons (Depths:4)
  5 shining eyes
  A fire giant zombie (Crypt:2)
  6 wolf spiders
  5 cyclopes
  10 orc sorcerers
  19 elephants
  9 mana vipers
  5 manticores
  A moth of wrath (shapeshifter) (Vaults:5)
  2 stone giant zombies (Crypt:2)
  2 stone giant skeletons
  An iron dragon skeleton (Crypt:3)
  15 salamanders
  2 rust devils
  21 moths of wrath
  A fire giant skeleton (Vaults:1)
  5 guardian serpents
  2 centaur zombies
  20 naga magi
  2 molten gargoyles (Lair:6)
  42 black mambas
  17 vault sentinels
  An elephant (shapeshifter) (Depths:5)
  9 orange demons
  Maurice (D:8)
  16 spiny frogs
  3 eyes of devastation
  2 dire elephant skeletons (Crypt:3)
  A shock serpent skeleton (Crypt:3)
  8 gargoyles
  A spriggan zombie (Zig:4)
  3 smoke demons
  4 apocalypse crabs (Swamp:2)
  59 yaktaurs
  A hellwing (WizLab)
  3 hellions
  2 minotaur zombies
  16 rime drakes
  8 komodo dragons
  A yaktaur (shapeshifter) (Depths:4)
  A redback zombie (D:14)
  A kobold demonologist (D:9)
  A human skeleton (Vaults:3)
  14 red devils
  3 tengu conjurers
  2 komodo dragons (shapeshifter)
  An ancient zyme (Zig:2)
  4 ice devils
  14 freezing wraiths
  2 guardian mummies (Crypt:3)
  A queen bee (Lair:5)
  5 trolls
  7 meliai
  A jumping spider (shapeshifter) (Elf:2)
  2 polar bears
  10 tyrant leeches
  A queen bee (shapeshifter) (Depths:2)
  21 hornets
  32 blink frogs
  106 slime creatures
  A slime creature (shapeshifter) (Vaults:5)
  2 hydra skeletons
  A polar bear (shapeshifter) (D:14)
  13 bog bodies
  An alligator zombie (Crypt:2)
  Prince Ribbit (D:9)
  A death drake skeleton (Crypt:1)
  2 fire giant simulacra (Depths:1)
  7 hippogriffs
  An ice dragon zombie (Depths:1)
  A meliai zombie (Crypt:2)
  2 air elementals (Elf:3)
  A flying skull (Zig:4)
  A stone giant simulacrum (Depths:1)
  A fire dragon skeleton (Crypt:3)
  A frost giant simulacrum (Depths:1)
  Sigmund (D:3)
  3 ynoxinuls
  7 shadows
  8 water elementals
  16 wraiths
  7 wyverns
  A spriggan (shapeshifter) (Depths:1)
  An ushabti (Crypt:3)
  7 humans (D:14)
  An elf zombie (Depths:4)
  Eustachio (D:5)
  A human (shapeshifter) (Vaults:5)
  50 yaks
  15 steam dragons
  A hog (shapeshifter) (Depths:4)
  A fire elemental (Elf:3)
  Grum (D:8)
  9 basilisks
  9 hungry ghosts
  A purple draconian simulacrum (Crypt:2)
  A black mamba skeleton (Crypt:3)
  3 chaos spawn
  13 golden eyes
  A spriggan simulacrum (Depths:1)
  3 neqoxecs (WizLab)
  24 vampire mosquitoes
  A warg (shapeshifter) (Vaults:5)
  21 swamp worms
  3 insubstantial wisps (Swamp:3)
  6 wargs
  64 nagas
  2 acid dragons
  6 soldier ants
  A deep troll zombie (Crypt:2)
  14 porcupines
  2 small abominations
  21 water moccasins
  5 hell hounds
  2 merfolk skeletons
  A meliai simulacrum (D:14)
  9 swamp drakes
  3 sky beasts
  4 ice beasts
  An ettin simulacrum (Depths:1)
  A deep troll simulacrum (Depths:1)
  2 fire dragon simulacra (Depths:1)
  4 black bears
  2 eyes of draining
  2 phantoms
  A swamp drake (shapeshifter) (D:14)
  51 orc warriors
  5 boggarts
  46 centaurs
  5 necrophages
  41 ogres
  An elephant skeleton (Crypt:2)
  A swamp dragon skeleton (Crypt:3)
  18 wolves
  17 crocodiles
  3 elf skeletons
  2 big kobolds
  15 bullfrogs
  An octopode zombie (Crypt:1)
  3 human zombies
  2 earth elementals (Elf:3)
  5 scorpions
  A water moccasin zombie (D:9)
  An ogre simulacrum (Vaults:1)
  43 killer bees
  14 wights
  A snapping turtle simulacrum (Crypt:2)
  A troll skeleton (Crypt:3)
  8 howler monkeys
  9 lava snakes
  A jelly (D:12)
  6 crimson imps
  3 bullfrog zombies
  A quasit (D:8)
  An iron imp (Orc:2)
  7 hounds
  3 bullfrog skeletons
  29 orc priests
  38 orc wizards
  Ijyb (D:3)
  Jessica (D:2)
  3 centaur skeletons
  4 iguanas
  2 porcupine zombies
  Natasha (D:2)
  20 worker ants
  A demigod zombie (Crypt:2)
  An acid dragon skeleton (Crypt:2)
  4 human simulacra
  2 hound skeletons
  7 mummies (Crypt:3)
  3 worker ant zombies
  12 adders
  2 river rats (Lair:5)
  5 shadow imps
  A white imp (Orc:2)
  An ooze (D:4)
  5 worms
  2 dart slugs
  7 leopard geckos
  135 orcs
  6 giant cockroaches
  4 goblins
  10 hobgoblins
  5 jackals
  6 quokkas
  6 ball pythons
  8 bats
  3 frilled lizards
  15 kobolds
  A kobold skeleton (Crypt:2)
  A quokka skeleton (D:4)
  8 rats
  A rat skeleton (Crypt:1)
  6 briar patches (Swamp:2)
  A butterfly (Lair:2)
  4 fungi
  6 plants
2967 creatures vanquished.

Vanquished Creatures (collateral kills)
  An orc warlord (Orc:2)
  An entropy weaver (Lair:4)
  A hydra (Lair:5)
  A naga warrior (Snake:4)
  A naga sharpshooter (Snake:4)
  A salamander (Snake:3)
  2 elephants (Lair:5)
  A spiny frog (Lair:5)
  An orc warrior (Orc:2)
  A killer bee (Lair:5)
  An orc priest (Orc:2)
  An ooze (D:3)
  2 orcs (Orc:2)
15 creatures vanquished.

Vanquished Creatures (others)
  A lich (Depths:3)
  Asterion (Snake:4)
  A death cob (Zot:3)
  A fire giant (Zig:5)
  A stone giant (Depths:4)
  A deep elf annihilator (Depths:1)
  A fire dragon (Vaults:2)
  5 yaktaur captains
  4 centaur warriors
  Sonja (D:12)
  A skeletal warrior (Crypt:3)
  A deep troll (Depths:4)
  A salamander mystic (Snake:4)
  2 black mambas (Snake:4)
  11 yaktaurs
  A slime creature (Swamp:2)
  A wraith (Vaults:2)
  A naga (Snake:4)
  3 centaurs (D:11)
  A bullfrog zombie (D:10)
  A human simulacrum (D:10)
  3 orcs
  16 fungi
  40 plants
  23 withered plants (Crypt:3)
123 creatures vanquished.

Grand Total: 3105 creatures vanquished

Notes
Turn   | Place    | Note
-------+----------+-------------------------------------------
     0 | D:1      | AxeAttX the Hill Orc Fighter began the quest for the Orb.
     0 | D:1      | Reached XP level 1. HP: 19/19 MP: 1/1
   153 | D:1      | Reached skill level 3 in Axes
   392 | D:1      | Reached XP level 2. HP: 26/26 MP: 2/2
   546 | D:1      | Reached skill level 4 in Axes
  1277 | D:2      | Reached XP level 3. HP: 31/31 MP: 3/3
  1401 | D:2      | Reached skill level 5 in Axes
  1463 | D:2      | Found a radiant altar of Vehumet.
  1802 | D:2      | Reached XP level 4. HP: 29/39 MP: 4/4
  2118 | D:3      | Reached skill level 6 in Axes
  2444 | D:3      | Noticed Ijyb
  2473 | D:3      | Killed Ijyb
  2615 | D:3      | Noticed Natasha
  2615 | D:3      | Noticed Jessica
  2723 | D:2      | Killed Jessica
  2723 | D:2      | Reached XP level 5. HP: 42/45 MP: 5/5
  2735 | D:2      | Killed Natasha
  2735 | D:2      | Reached skill level 7 in Axes
  3061 | D:3      | Found a white marble altar of Elyvilon.
  3064 | D:3      | Noticed Sigmund
  3121 | D:3      | Killed Sigmund
  3121 | D:3      | Reached skill level 8 in Axes
  3121 | D:3      | Reached XP level 6. HP: 49/51 MP: 6/6
  3253 | D:3      | Reached skill level 9 in Axes
  3556 | D:4      | Reached XP level 7. HP: 57/57 MP: 7/7
  3701 | D:4      | Reached skill level 10 in Axes
  3771 | D:4      | Found Giggafor's Magic Scroll Boutique.
  3774 | D:4      | Bought a scroll of identify for 22 gold pieces
  3774 | D:4      | Bought a scroll of identify for 22 gold pieces
  3774 | D:4      | Bought a scroll of teleportation for 33 gold pieces
  3774 | D:4      | Bought a scroll of fear for 38 gold pieces
  4124 | D:5      | Entered Level 5 of the Dungeon
  4185 | D:5      | Reached skill level 4 in Fighting
  4514 | D:5      | Reached skill level 11 in Axes
  4514 | D:5      | Reached XP level 8. HP: 31/67 MP: 8/8
  4518 | D:5      | Reached skill level 5 in Fighting
  4860 | D:5      | Found an ancient bone altar of Kikubaaqudgha.
  5091 | D:5      | Noticed Eustachio
  5119 | D:5      | Killed Eustachio
  5119 | D:5      | Reached skill level 6 in Fighting
  5434 | D:6      | Found a deep blue altar of Sif Muna.
  5691 | D:6      | Reached skill level 12 in Axes
  6121 | D:6      | Reached skill level 7 in Fighting
  6285 | D:7      | Noticed Harold
  6298 | D:7      | Killed Harold
  6298 | D:7      | Reached skill level 8 in Fighting
  6298 | D:7      | Reached skill level 13 in Axes
  6298 | D:7      | Reached XP level 9. HP: 62/82 MP: 9/9
  6352 | D:7      | Reached skill level 9 in Fighting
  6354 | D:7      | HP: 9/83 [killer bee (8)]
  6506 | D:7      | HP: 11/83 [ice beast (4)]
  6506 | D:7      | HP: 2/83 [ice beast (9)]
  7204 | D:7      | Found Tulup's Gadget Shoppe.
  7464 | D:7      | Found a staircase to the Ecumenical Temple.
  7494 | Temple   | Entered the Ecumenical Temple
  7518 | Temple   | Became a worshipper of Qazlal Stormbringer
  7679 | D:8      | Reached skill level 14 in Axes
  8130 | D:8      | Noticed Grum
  8137 | D:8      | Reached skill level 10 in Fighting
  8144 | D:8      | Reached XP level 10. HP: 33/93 MP: 10/10
  8149 | D:8      | Killed Grum
  8925 | D:8      | Found a hazy altar of Hepliaklqana.
  9003 | D:8      | Found the +9 heavy crossbow "Sniper" {velocity, Acc+∞ SInv}
  9795 | D:9      | Noticed a two-headed ogre
  9823 | D:8      | Reached skill level 4 in Shields
 10091 | D:8      | Reached skill level 4 in Armour
 10313 | D:9      | Noticed Maurice
 10404 | D:8      | Reached skill level 11 in Fighting
 10482 | D:9      | Found a flagged portal.
 10482 | D:9      | Noticed Erolcha
 10482 | D:9      | Noticed Prince Ribbit
 10936 | D:9      | Noticed a gargoyle
 11088 | D:8      | Reached skill level 5 in Shields
 11160 | D:8      | Reached * piety under Qazlal
 11160 | D:8      | Reached skill level 5 in Armour
 11161 | D:8      | Killed a gargoyle
 11161 | D:8      | Reached skill level 15 in Axes
 11664 | D:8      | Killed Maurice
 11664 | D:8      | Reached XP level 11. HP: 102/102 MP: 11/11
 11839 | D:8      | Reached skill level 6 in Armour
 11988 | D:9      | Killed a two-headed ogre
 11988 | D:9      | Reached skill level 12 in Fighting
 12013 | D:8      | Killed an unseen horror
 12288 | D:9      | Found a staircase to the Orcish Mines.
 12311 | D:9      | Identified the cursed +2 glaive of the Onslaught {drain,
                  | Stlth+}
 12311 | D:9      | Noticed a centaur warrior
 12471 | D:8      | Killed a centaur warrior
 12471 | D:8      | Reached skill level 7 in Armour
 12806 | D:9      | Killed Erolcha
 12936 | D:9      | Found the +6 shillelagh "Devastator" {shatter}
 12954 | D:9      | Reached skill level 16 in Axes
 13226 | D:9      | Killed Prince Ribbit
 13314 | D:9      | Found a burning altar of Makhleb.
 13509 | D:9      | Identified the +1 ring mail "Siyrch" {rF+ Dex+3}
 13561 | D:9      | Reached skill level 8 in Armour
 13775 | D:9      | Found a glowing silver altar of Zin.
 13775 | D:9      | Noticed an angel
 13776 | D:9      | Noticed a cacodemon
 13869 | D:9      | Upgraded the game from 0.23-a0-741-g38971ea054 to
                  | 0.23-a0-767-gdc19b93d68
 13906 | D:10     | Entered Level 10 of the Dungeon
 13968 | D:10     | Noticed a two-headed ogre
 14289 | D:9      | Killed a two-headed ogre
 14408 | D:10     | Reached skill level 13 in Fighting
 14430 | D:9      | Reached XP level 12. HP: 102/114 MP: 12/12
 14506 | D:10     | Reached ** piety under Qazlal
 15701 | D:10     | Reached skill level 1 in Invocations
 15753 | D:11     | Reached skill level 9 in Armour
 15857 | D:11     | Noticed a two-headed ogre
 15980 | D:10     | Reached skill level 2 in Invocations
 16168 | D:11     | HP: 23/171 [something (5)]
 16173 | D:11     | HP: 18/171 [something (1)]
 16178 | D:11     | HP: 13/171 [something (6)]
 16183 | D:11     | Reached skill level 3 in Invocations
 16636 | D:11     | Reached skill level 17 in Axes
 16960 | D:10     | Killed a two-headed ogre
 16960 | D:10     | Reached skill level 4 in Invocations
 17145 | D:11     | Paralysed by a centaur for 7 turns
 17337 | D:11     | Found a staircase to the Lair.
 17448 | D:11     | Noticed a two-headed ogre
 17867 | D:11     | Killed a two-headed ogre
 18217 | Lair:1   | Entered Level 1 of the Lair of Beasts
 18275 | Lair:1   | Reached skill level 5 in Invocations
 18346 | Lair:1   | Reached skill level 14 in Fighting
 18750 | Lair:1   | Reached skill level 10 in Armour
 19227 | Lair:2   | Reached *** piety under Qazlal
 19525 | Lair:2   | Reached XP level 13. HP: 124/124 MP: 17/17
 19562 | Lair:2   | Reached skill level 6 in Invocations
 20014 | Lair:2   | Found a staircase to the Swamp.
 20200 | Lair:2   | Reached skill level 1 in Evocations
 20326 | Lair:2   | Reached skill level 7 in Invocations
 20341 | Lair:2   | Reached skill level 2 in Evocations
 20475 | Lair:2   | Reached **** piety under Qazlal
 21283 | Lair:3   | Reached skill level 18 in Axes
 21283 | Lair:3   | Reached skill level 3 in Evocations
 21290 | Lair:3   | Reached skill level 11 in Armour
 21426 | Lair:3   | Got an ancient battleaxe
 21432 | Lair:3   | Identified the +9 battleaxe "Denuym" {chop, +Inv SInv} (You
                  | found it on level 3 of the Lair of Beasts)
 22574 | Lair:4   | Reached skill level 15 in Fighting
 22584 | Lair:4   | Reached skill level 1 in Dodging
 22590 | Lair:4   | Reached skill level 4 in Evocations
 22645 | Lair:4   | Noticed an entropy weaver
 22661 | Lair:4   | Killed an entropy weaver
 22661 | Lair:4   | Reached skill level 2 in Dodging
 22661 | Lair:4   | Reached XP level 14. HP: 35/135 MP: 13/19
 23133 | Lair:4   | Got a pair of distressingly furry gloves
 23151 | Lair:4   | Identified the +1 pair of gloves "Noeth" {rElec rPois rF+}
                  | (You found it on level 4 of the Lair of Beasts)
 23267 | Lair:4   | Reached skill level 5 in Evocations
 23425 | Lair:4   | Noticed an entropy weaver
 23432 | Lair:4   | Killed an entropy weaver
 23613 | Lair:4   | Reached skill level 3 in Dodging
 24107 | Lair:4   | Found a staircase to the Snake Pit.
 24393 | Lair:4   | Got a steaming garnet amulet
 24394 | Lair:4   | Identified the amulet "Zoeschish" {RegenMP MR+ Int+3} (You
                  | found it on level 4 of the Lair of Beasts)
 24522 | Lair:5   | Found a viscous altar of Jiyva.
 24522 | Lair:5   | Found a staircase to the Slime Pits.
 24579 | Lair:5   | Reached skill level 12 in Armour
 24588 | Lair:5   | Reached ***** piety under Qazlal
 24622 | Lair:5   | Reached skill level 6 in Evocations
 24879 | Lair:5   | Reached skill level 4 in Dodging
 25274 | Lair:5   | Reached skill level 19 in Axes
 25590 | Lair:5   | Reached skill level 16 in Fighting
 26565 | Lair:5   | Reached XP level 15. HP: 106/144 MP: 20/20
 27102 | Lair:6   | Entered Level 6 of the Lair of Beasts
 27169 | Lair:6   | Reached skill level 5 in Dodging
 27626 | Lair:6   | Found a large runed door.
 27626 | Lair:6   | Found a large runed door.
 27925 | Lair:6   | Reached skill level 13 in Armour
 27933 | Lair:6   | Reached skill level 8 in Invocations
 28807 | Lair:6   | Got a sparkling granite ring
 28809 | Lair:6   | Identified the ring of Vunes {MR+ Int+3} (You found it on
                  | level 6 of the Lair of Beasts)
 29072 | Orc:1    | Entered Level 1 of the Orcish Mines
 29671 | Orc:1    | Reached ****** piety under Qazlal
 30040 | Orc:2    | Entered Level 2 of the Orcish Mines
 30083 | Orc:2    | Found a roughly hewn altar of Beogh.
 30304 | Orc:2    | Found a bloodstained altar of Trog.
 30306 | Orc:2    | Found a roughly hewn altar of Beogh.
 30345 | Orc:2    | Found a roughly hewn altar of Beogh.
 30349 | Orc:2    | Found Fuyna Dio's Armour Boutique.
 30351 | Orc:2    | Reached skill level 6 in Dodging
 30522 | Orc:2    | Noticed an orc warlord
 30537 | Orc:2    | Reached skill level 9 in Invocations
 30550 | Orc:2    | Killed an orc warlord
 31370 | Orc:2    | Found a roughly hewn altar of Beogh.
 31465 | Orc:2    | Found a roughly hewn altar of Beogh.
 31465 | Orc:2    | Found a staircase to the Elven Halls.
 31537 | Orc:2    | Found Seeb's Antique Armour Shoppe.
 31556 | Orc:2    | Found a roughly hewn altar of Beogh.
 31559 | Orc:2    | Found Kyuzumeu's Antique Weapon Emporium.
 31614 | Orc:2    | Found Delil's Jewellery Boutique.
 31793 | Orc:2    | Bought the +10 chain mail of the Blind Marksman {Stlth+}
                  | for 900 gold pieces
 31859 | Orc:2    | Bought a glowing helmet for 232 gold pieces
 32032 | D:12     | Found a flickering gateway to a bazaar.
 32052 | Bazaar   | Entered a bazaar
 32055 | Bazaar   | Found Meluijua's Food Boutique.
 32059 | Bazaar   | Found Liuts's Gadget Boutique.
 32059 | Bazaar   | Found Memmyx's Antique Weapon Boutique.
 32060 | Bazaar   | Found Wuoxzidgh's General Store.
 32097 | Bazaar   | Bought the +2 pair of boots of the Assassin {Detection
                  | Stab+ Stlth++} for 1020 gold pieces
 32097 | Bazaar   | Found the +2 pair of boots of the Assassin {Detection Stab+
                  | Stlth++}
 32097 | Bazaar   | Bought a potion of curing for 51 gold pieces
 32131 | D:12     | Identified the +1 leather armour of Pyanurgh {Str+4 SInv}
 32131 | D:12     | Noticed Sonja
 32138 | D:12     | Killed Sonja
 32224 | D:12     | You fall through a shaft!
 32230 | D:13     | Found Vesawun's Antique Armour Shoppe.
 32340 | D:12     | Reached skill level 17 in Fighting
 32351 | D:12     | Noticed Nergalle
 32367 | D:12     | Killed Nergalle
 32367 | D:12     | Reached XP level 16. HP: 149/155 MP: 23/23
 32605 | D:12     | Reached skill level 20 in Axes
 33053 | D:13     | Reached skill level 10 in Invocations
 33458 | D:13     | Reached skill level 14 in Armour
 33717 | D:13     | Found a sacrificial altar of Ru.
 34217 | D:14     | Found a gate to the Vaults.
 34317 | D:14     | Identified the +1 scale mail of Huckotaxt {rElec}
 34425 | D:14     | Reached skill level 18 in Fighting
 34568 | D:14     | Reached skill level 15 in Armour
 34851 | D:14     | Found a portal to a secret trove of treasure.
 35159 | D:15     | Entered Level 15 of the Dungeon
 35815 | D:15     | Got a pitted bronze ring
 35892 | D:15     | Found a staircase to the Depths.
 35936 | D:15     | Found Tiris's Weapon Shoppe.
 36262 | Snake:1  | Entered Level 1 of the Snake Pit
 36282 | Snake:1  | Reached XP level 17. HP: 159/166 MP: 24/24
 36300 | Lair:4   | Reached skill level 19 in Fighting
 36723 | Snake:1  | Reached skill level 16 in Armour
 37272 | Snake:1  | Identified the ring "Ataukuy" {rPois AC+3 Int+3} (You found
                  | it on level 15 of the Dungeon)
 37740 | Snake:2  | Got a pair of heavily runed gloves
 37751 | Snake:2  | Identified the +1 pair of gloves of the Endless Expanse
                  | {rF+} (You found it on level 2 of the Snake Pit)
 38542 | Snake:3  | Found a runed door.
 38542 | Snake:3  | Found a shimmering altar of Xom.
 38542 | Snake:3  | Noticed Piabrimm's ghost (adept OgTm)
 38983 | Snake:3  | Reached skill level 11 in Invocations
 40069 | Snake:4  | Entered Level 4 of the Snake Pit
 40071 | Snake:4  | Noticed Asterion
 40076 | Snake:4  | Noticed Nikola
 40081 | Snake:4  | Reached skill level 7 in Dodging
 40571 | Snake:3  | HP: 22/170 [poisoned by a naga ritualist (splash of
                  | poison)]
 40578 | Snake:3  | Reached XP level 18. HP: 40/178 MP: 20/26
 41062 | Snake:4  | Killed Asterion
 41073 | Snake:4  | Killed Nikola
 41443 | Snake:4  | Reached skill level 7 in Evocations
 41607 | Snake:4  | Reached skill level 12 in Invocations
 41613 | Snake:4  | Reached skill level 20 in Fighting
 41621 | Snake:4  | Reached skill level 17 in Armour
 42264 | Snake:4  | Reached skill level 8 in Dodging
 42726 | Snake:4  | Reached skill level 8 in Evocations
 42939 | Snake:4  | Got a serpentine rune of Zot
 43250 | Snake:4  | Reached skill level 13 in Invocations
 43363 | Snake:4  | Identified the +5 executioner's axe "Bicuonu" {chop, rPois
                  | MR- Str+6}
 43414 | Snake:4  | Reached XP level 19. HP: 111/187 MP: 28/28
 44241 | Swamp:1  | Entered Level 1 of the Swamp
 44487 | Swamp:1  | Reached skill level 9 in Evocations
 44922 | Swamp:1  | Reached skill level 9 in Dodging
 45036 | Swamp:1  | Noticed Louise
 45056 | Swamp:1  | Killed Louise
 45691 | Swamp:2  | Found a runed door.
 46781 | Swamp:2  | Reached skill level 18 in Armour
 46790 | Swamp:2  | Identified the ring of Punathri {rPois Slay+3 SInv Stlth+}
 46821 | Swamp:2  | Identified Atosmeev's Compendium of Cold and Boosts
 47148 | Swamp:3  | Reached skill level 21 in Fighting
 47209 | Swamp:3  | Reached skill level 10 in Evocations
 47857 | Swamp:4  | Entered Level 4 of the Swamp
 48316 | Swamp:4  | Reached skill level 10 in Dodging
 48643 | Swamp:4  | Noticed a tentacled monstrosity
 48653 | Swamp:4  | Killed a tentacled monstrosity
 48653 | Swamp:4  | Reached XP level 20. HP: 159/198 MP: 29/29
 49469 | Swamp:4  | Got a decaying rune of Zot
 49757 | Elf:1    | Entered Level 1 of the Elven Halls
 50292 | Elf:1    | Found a radiant altar of Vehumet.
 50300 | Elf:1    | Found Arecs's Weapon Emporium.
 50694 | Elf:2    | Reached skill level 14 in Invocations
 50781 | Elf:2    | Found a runed gate.
 50781 | Elf:2    | Found a runed gate.
 50783 | Elf:2    | Found a runed gate.
 50824 | Elf:2    | Found Acacop's Mass Market.
 50827 | Elf:2    | Got a faintly glowing chain mail
 50838 | Elf:2    | Identified the cursed +1 chain mail of the Unseen Realm
                  | {MR+ SInv} (You found it on level 2 of the Elven Halls)
 50914 | Elf:2    | Reached skill level 19 in Armour
 50917 | Elf:2    | Found Runilen's Gadget Emporium.
 50917 | Elf:2    | Found Mudom's Jewellery Shop.
 50918 | Elf:2    | Found Ruco's Jewellery Shop.
 50952 | Elf:2    | Found a ruined gateway.
 50970 | Elf:2    | Found a glowing golden altar of the Shining One.
 50970 | Elf:2    | Found a white marble altar of Elyvilon.
 50972 | Elf:2    | Found a glowing silver altar of Zin.
 51230 | Elf:2    | Reached skill level 22 in Fighting
 51623 | Elf:2    | Reached skill level 15 in Invocations
 52336 | Elf:3    | Entered Level 3 of the Elven Halls
 53581 | Elf:3    | Reached XP level 21. HP: 178/209 MP: 32/32
 53601 | Elf:3    | Reached skill level 16 in Invocations
 53636 | Elf:3    | HP: 28/209 [deep elf sorcerer/damnation (50)]
 54543 | Elf:3    | Reached skill level 23 in Fighting
 54791 | Elf:3    | Reached skill level 17 in Invocations
 54792 | Elf:3    | Identified the ring of Toarah {MR- MP+9 Dex+6}
 55079 | Elf:3    | Identified the Tome of Compulsion
 55134 | Elf:3    | Identified the cursed +1 glaive of War {flame, rF+ Dex+2
                  | Stlth+}
 55134 | Elf:3    | Identified the ring of Xom's Best Wishes {rC+ Stlth+}
 55156 | Elf:3    | Found the +8 mithril axe "Arga" {speed, MR+}
 55479 | Vaults:1 | Entered Level 1 of the Vaults
 56109 | Elf:2    | Bought a +4 amulet of reflection for 378 gold pieces
 56500 | Vaults:1 | Reached skill level 6 in Shields
 57179 | Vaults:1 | Found Teklug's Distillery.
 57199 | Vaults:1 | Bought a potion of heal wounds for 70 gold pieces
 57199 | Vaults:1 | Bought a potion of heal wounds for 70 gold pieces
 57266 | Vaults:2 | Reached skill level 18 in Invocations
 57293 | Vaults:2 | Reached skill level 7 in Shields
 57654 | Vaults:2 | Reached XP level 22. HP: 214/222 MP: 35/35
 57779 | Vaults:2 | Found Biethros's Book Boutique.
 57998 | Vaults:2 | Found Heush's Antique Weapon Shoppe.
 58171 | Vaults:2 | Reached skill level 8 in Shields
 58231 | Vaults:2 | Found Qiry Yta's Assorted Antiques.
 58661 | Vaults:2 | Found Zorim's Armour Shop.
 58940 | Vaults:3 | Reached skill level 24 in Fighting
 59205 | Vaults:3 | Reached skill level 9 in Shields
 59387 | Vaults:3 | Reached skill level 19 in Invocations
 59484 | Vaults:3 | Found a staircase to the Crypt.
 59918 | Vaults:3 | Reached skill level 10 in Shields
 60326 | Vaults:3 | Found Ganousm's Distillery.
 60333 | Vaults:3 | Bought a potion of berserk rage for 75 gold pieces
 60333 | Vaults:3 | Bought a potion of might for 60 gold pieces
 60506 | Crypt:1  | Entered Level 1 of the Crypt
 61040 | Crypt:1  | Got a fine silver ring
 61092 | Crypt:1  | Found a magical portal.
 61101 | WizLab   | Entered The Hall of the Hellbinder
 61103 | WizLab   | Identified the ring of Lugonu's Pride {+Fly rN+ MR- Dex+4}
                  | (You found it on level 1 of the Crypt)
 61113 | WizLab   | Reached XP level 23. HP: 232/232 MP: 36/36
 61138 | WizLab   | Reached skill level 11 in Shields
 61139 | WizLab   | Reached skill level 20 in Invocations
 61151 | WizLab   | Gained mutation: You are dopey. (Int -2) [a neqoxec]
 61681 | WizLab   | Gained mutation: Scrolls take you a little longer to read.
                  | [a neqoxec]
 61726 | WizLab   | Found a burning altar of Makhleb.
 61760 | WizLab   | Identified the Volume of the Escort
 62275 | Crypt:1  | Reached skill level 25 in Fighting
 62831 | Crypt:2  | Reached skill level 12 in Shields
 63168 | Crypt:2  | Noticed Saint Roka
 63450 | Crypt:2  | Killed Saint Roka
 63768 | D:14     | You paid a toll of 16 scrolls of identify to enter a
                  | treasure trove
 63769 | Trove    | Entered a treasure trove
 63773 | Trove    | Found the +8 orange crystal plate armour {Archmagi, Int+3
                  | Clar}
 63774 | Trove    | Got a pitted cloak
 63785 | Trove    | Identified the +0 cloak of Elyvilon's Envy {Regen+ rCorr
                  | MP-9 Str+2} (You found it in a treasure trove)
 63786 | Trove    | Got a spiked crystal plate armour
 63797 | Trove    | Identified the +11 crystal plate armour "Ugodd" {rF+} (You
                  | found it in a treasure trove)
 63798 | Trove    | Got a pair of slimy gloves
 63809 | Trove    | Identified the +3 pair of gloves of the Ecumenical Temple
                  | {+Fly rElec MR- Stlth-} (You found it in a treasure trove)
 63810 | Trove    | Got a pair of shimmering gloves
 63821 | Trove    | Identified the -5 pair of gloves of Qyfargh {rF- rN+ Dex+3
                  | Stlth+} (You found it in a treasure trove)
 63827 | Trove    | Got a pair of translucent gloves
 63838 | Trove    | Identified the cursed +0 pair of gloves "Tuops" {-Tele
                  | rElec rF+} (You found it in a treasure trove)
 63839 | Trove    | Got an ichor-stained helmet
 63850 | Trove    | Identified the +1 helmet of Winter {rElec MR+} (You found
                  | it in a treasure trove)
 63854 | Trove    | Got a faintly humming chain mail
 63865 | Trove    | Identified the +3 chain mail "Xoit" {Str+3 Dex+7} (You
                  | found it in a treasure trove)
 63876 | Trove    | Got steaming steam dragon scales
 63882 | Trove    | Identified the cursed +0 steam dragon scales "Gozitruv"
                  | {rC++ Str+3 Int+3 Dex+2} (You found it in a treasure trove)
 64456 | Crypt:3  | Entered Level 3 of the Crypt
 64789 | Crypt:3  | Reached skill level 21 in Invocations
 64942 | Crypt:3  | Reached skill level 13 in Shields
 65232 | Crypt:3  | Found an ancient bone altar of Kikubaaqudgha.
 65250 | Crypt:3  | Noticed an ancient lich
 65264 | Crypt:3  | Killed an ancient lich
 65264 | Crypt:3  | Reached XP level 24. HP: 191/244 MP: 37/37
 65562 | Crypt:3  | Found a staircase to the Tomb.
 66022 | Crypt:3  | Got an iridescent battleaxe
 66028 | Crypt:3  | Identified the +3 battleaxe of Oralubyo {venom, +Rage +Inv
                  | rElec rPois} (You found it on level 3 of the Crypt)
 67075 | Vaults:4 | Reached skill level 14 in Shields
 67384 | Vaults:4 | Reached skill level 26 in Fighting
 67437 | Vaults:4 | Reached skill level 22 in Invocations
 67856 | Vaults:4 | Found Lenoudgh's Gadget Boutique.
 68241 | Vaults:5 | Entered Level 5 of the Vaults
 68243 | Vaults:5 | Noticed an ancient lich
 68251 | Vaults:5 | Reached skill level 15 in Shields
 68251 | Vaults:5 | Killed an ancient lich
 68251 | Vaults:5 | Reached skill level 23 in Invocations
 68272 | Vaults:5 | Reached XP level 25. HP: 188/253 MP: 34/38
 68272 | Vaults:5 | Reached skill level 24 in Invocations
 68566 | Vaults:5 | Reached skill level 25 in Invocations
 68872 | Vaults:5 | Got a pair of spiked gloves
 68883 | Vaults:5 | Identified the +2 pair of gloves of the Hanged Man {rC+
                  | Dex+4} (You found it on level 5 of the Vaults)
 69015 | Vaults:5 | Reached skill level 26 in Invocations
 69220 | Vaults:5 | Got a coiled jade amulet
 69223 | Vaults:5 | Identified the amulet "Raingedage" {Regen+ Str+6 Dex+2}
                  | (You found it on level 5 of the Vaults)
 69247 | Vaults:5 | Got a silver rune of Zot
 70347 | Slime:1  | Entered Level 1 of the Pits of Slime
 70686 | Slime:3  | Lost mutation: Scrolls take you a little longer to read.
                  | [potion of mutation]
 70686 | Slime:3  | Lost mutation: You are dopey. (Int -2) [potion of mutation]
 70686 | Slime:3  | Gained mutation: You are clumsy. (Dex -2) [potion of
                  | mutation]
 70686 | Slime:3  | Gained mutation: You have sharp toenails. [potion of
                  | mutation]
 70688 | Slime:4  | Noticed Dissolution
 70696 | Slime:4  | Killed Dissolution
 70696 | Slime:4  | Reached skill level 27 in Invocations
 70696 | Slime:4  | Reached XP level 26. HP: 251/261 MP: 27/40
 70814 | Slime:5  | Entered Level 5 of the Pits of Slime
 70834 | Slime:5  | Reached skill level 16 in Shields
 70839 | Slime:5  | Noticed the Royal Jelly
 70851 | Slime:5  | Killed the Royal Jelly
 70890 | Slime:5  | Reached skill level 17 in Shields
 71033 | Slime:5  | Gained mutation: Your magical capacity is low. (-10% MP) [a
                  | shining eye]
 71129 | Slime:5  | Found the +0 pair of fencer's gloves {Riposte Dex+3}
 71148 | Slime:5  | Got a pair of spiked boots
 71159 | Slime:5  | Identified the cursed -2 pair of boots "Ocagask" {rC+} (You
                  | found it on level 5 of the Pits of Slime)
 71191 | Slime:5  | Got a warped eveningstar
 71192 | Slime:5  | Identified the +6 eveningstar "Mousiutu" {flame, rF+} (You
                  | found it on level 5 of the Pits of Slime)
 71236 | Slime:5  | Got a slimy rune of Zot
 71602 | Depths:1 | Entered Level 1 of the Depths
 71794 | Depths:1 | Found a corrupted altar of Lugonu.
 71795 | Depths:1 | Found a one-way gate to the infinite horrors of the Abyss.
 71916 | Depths:1 | Noticed 1492's ghost (journeyman DEBe)
 71947 | Depths:1 | Found a runed gate.
 71947 | Depths:1 | Found a runed gate.
 71947 | Depths:1 | Found a runed gate.
 71960 | Depths:1 | Reached skill level 18 in Shields
 71965 | Depths:1 | Killed 1492's ghost
 71989 | Depths:1 | Got the ring "Astrosm" {Fire}
 72110 | Depths:1 | Found a gateway to Hell.
 72598 | Depths:1 | Found a runed door.
 72605 | Depths:1 | Found a radiant altar of Vehumet.
 72605 | Depths:1 | Noticed an ancient lich
 72605 | Depths:1 | Identified the +5 leather armour of Pellawaxt {rPois MP+9
                  | Dex-5}
 72615 | Depths:1 | Killed an ancient lich
 72615 | Depths:1 | Reached skill level 19 in Shields
 72628 | Depths:1 | Identified Sif Muna's Compendium of Arcane Weapons
 73188 | Depths:2 | Reached skill level 20 in Shields
 73242 | Depths:2 | Reached XP level 27. HP: 258/269 MP: 36/36
 73585 | Depths:2 | Noticed a juggernaut
 73606 | Depths:2 | Killed a juggernaut
 74490 | Depths:3 | Found a one-way gate leading to the halls of Pandemonium.
 74787 | Depths:3 | Reached skill level 11 in Dodging
 74840 | Depths:3 | Noticed Boris
 74854 | Depths:3 | Killed Boris
 75135 | Depths:3 | Reached skill level 20 in Armour
 75631 | Depths:4 | Reached skill level 27 in Fighting
 75632 | Depths:4 | Reached skill level 12 in Dodging
 75662 | Depths:4 | Found a gateway to a ziggurat.
 75817 | Depths:4 | Reached skill level 21 in Armour
 76748 | Zig:1    | Entered Level 1 of a ziggurat
 76773 | Zig:2    | Entered Level 2 of a ziggurat
 76807 | Zig:3    | Entered Level 3 of a ziggurat
 76835 | Zig:3    | Identified the Guide on Frigorific Darkness
 76839 | Zig:4    | Entered Level 4 of a ziggurat
 76906 | Zig:5    | Entered Level 5 of a ziggurat
 76908 | Zig:5    | Noticed an orb of fire
 76908 | Zig:5    | Noticed an orb of fire
 76925 | Zig:5    | Gained mutation: You are robust. (+10% HP) [an orb of fire]
 76928 | Zig:5    | Lost mutation: You are clumsy. (Dex -2) [an orb of fire]
 76930 | Zig:5    | Killed an orb of fire
 76930 | Zig:5    | Reached skill level 13 in Dodging
 76930 | Zig:5    | Gained mutation: Scrolls take you a little longer to read.
                  | [an orb of fire]
 76937 | Zig:5    | Killed an orb of fire
 76944 | Zig:5    | Got a shimmering turquoise ring
 76946 | Zig:5    | Identified the ring of Undoing {rF+ rC+ Str+4 Int+3} (You
                  | found it on level 5 of a ziggurat)
 77085 | Zig:6    | Entered Level 6 of a ziggurat
 77088 | Zig:6    | Noticed Reruos the pandemonium lord
 77113 | Zig:6    | Killed Reruos the pandemonium lord
 77315 | Depths:5 | Entered Level 5 of the Depths
 77833 | Depths:5 | Noticed a juggernaut
 77843 | Depths:5 | Killed a juggernaut
 77898 | Depths:5 | Found a gate to the Realm of Zot.
 77910 | Depths:5 | Lost mutation: You are robust. (+10% HP) [potion of
                  | mutation]
 77910 | Depths:5 | Lost mutation: Scrolls take you a little longer to read.
                  | [potion of mutation]
 77910 | Depths:5 | Lost mutation: Your magical capacity is low. (-10% MP)
                  | [potion of mutation]
 77910 | Depths:5 | Gained mutation: You are weak. (Str -2) [potion of
                  | mutation]
 77910 | Depths:5 | Gained mutation: Armour fits poorly on your strangely
                  | shaped body. [potion of mutation]
 77910 | Depths:5 | Gained mutation: Your natural rate of healing is unusually
                  | fast. [potion of mutation]
 78129 | Depths:5 | Found Zadghud's Pet Rocks.
 78468 | Zot:1    | Entered Level 1 of the Realm of Zot
 78552 | Depths:5 | Reached skill level 14 in Dodging
 78654 | Zot:1    | Reached skill level 22 in Armour
 78997 | Zot:1    | Reached skill level 21 in Shields
 79322 | Zot:1    | Noticed an orb of fire
 79322 | Zot:1    | Gained mutation: You have a pair of small horns on your
                  | head. [an orb of fire]
 79346 | Zot:1    | Killed an orb of fire
 79404 | Zot:1    | Found a runed gate.
 79404 | Zot:1    | Found a runed gate.
 79404 | Zot:1    | Found a runed gate.
 79407 | Zot:1    | Noticed guttsta's ghost (legendary DDFi)
 79433 | Zot:1    | Killed guttsta's ghost
 79769 | Zot:2    | Reached skill level 15 in Dodging
 80099 | Zot:2    | Reached skill level 23 in Armour
 80170 | Zot:2    | Noticed an orb of fire
 80180 | Zot:2    | Killed an orb of fire
 80207 | Zot:2    | Reached skill level 22 in Shields
 81163 | Zot:3    | Got a steaming pewter ring
 81164 | Zot:3    | Identified the ring of Trepidation {Wiz +Blink rF+} (You
                  | found it on level 3 of the Realm of Zot)
 81173 | Zot:3    | Found a huge runed gate.
 81173 | Zot:3    | Found a huge runed gate.
 81173 | Zot:3    | Found a huge runed gate.
 81348 | Zot:3    | Found a huge runed gate.
 81348 | Zot:3    | Found a huge runed gate.
 81348 | Zot:3    | Found a huge runed gate.
 81348 | Zot:3    | Found a huge runed gate.
 81348 | Zot:3    | Found a huge runed gate.
 81348 | Zot:3    | Found a huge runed gate.
 81349 | Zot:3    | Found a huge runed gate.
 81350 | Zot:3    | Found a huge runed gate.
 81357 | Zot:3    | Found a huge runed gate.
 81358 | Zot:3    | Found a huge runed gate.
 81682 | Zot:3    | Found a huge runed gate.
 81682 | Zot:3    | Found a huge runed gate.
 81684 | Zot:3    | Found a huge runed gate.
 81685 | Zot:3    | Found a huge runed gate.
 81693 | Zot:3    | Found a huge runed gate.
 81693 | Zot:3    | Found a huge runed gate.
 81694 | Zot:3    | Found a huge runed gate.
 81694 | Zot:3    | Found a huge runed gate.
 81694 | Zot:3    | Found a huge runed gate.
 81695 | Zot:3    | Found a huge runed gate.
 81703 | Zot:3    | Found a huge runed gate.
 81703 | Zot:3    | Found a huge runed gate.
 81703 | Zot:3    | Found a huge runed gate.
 81703 | Zot:3    | Found a huge runed gate.
 81714 | Zot:3    | Found a huge runed gate.
 81888 | Zot:3    | Found a huge runed gate.
 81896 | Zot:3    | Noticed an ancient lich
 81897 | Zot:3    | Killed an ancient lich
 81899 | Zot:3    | Reached skill level 11 in Evocations
 81906 | Zot:3    | Reached skill level 16 in Dodging
 83168 | Zot:5    | Entered Level 5 of the Realm of Zot
 83196 | Zot:5    | Reached skill level 24 in Armour
 83196 | Zot:5    | Reached skill level 12 in Evocations
 83196 | Zot:5    | Reached skill level 23 in Shields
 83284 | Zot:5    | Noticed an orb of fire
 83286 | Zot:5    | Noticed an orb of fire
 83287 | Zot:5    | Gained mutation: You are dopey. (Int -2) [an orb of fire]
 83293 | Zot:4    | Gained mutation: Your body sometimes deteriorates upon
                  | taking damage. [an orb of fire]
 83300 | Zot:4    | Gained mutation: Your spells are a little easier to cast,
                  | but a little less powerful. [an orb of fire]
 83306 | Zot:4    | Gained mutation: Potions are less effective at restoring
                  | your health. [an orb of fire]
 83309 | Zot:4    | Gained mutation: You are frail. (-10% HP) [an orb of fire]
 83314 | Zot:4    | Gained mutation: Scrolls take you a little longer to read.
                  | [an orb of fire]
 83323 | Zot:4    | Killed an orb of fire
 83324 | Zot:4    | Lost mutation: You have sharp toenails. [potion of
                  | mutation]
 83324 | Zot:4    | Lost mutation: You are frail. (-10% HP) [potion of
                  | mutation]
 83324 | Zot:4    | Lost mutation: Armour fits poorly on your strangely shaped
                  | body. [potion of mutation]
 83324 | Zot:4    | Gained mutation: You have sharp toenails. [potion of
                  | mutation]
 83386 | Zot:4    | Killed an orb of fire
 83387 | Zot:4    | Lost mutation: Scrolls take you a little longer to read.
                  | [potion of mutation]
 83387 | Zot:4    | Lost mutation: Your body sometimes deteriorates upon taking
                  | damage. [potion of mutation]
 83387 | Zot:4    | Gained mutation: Your body sometimes deteriorates upon
                  | taking damage. [potion of mutation]
 83387 | Zot:4    | Gained mutation: You have razor-sharp toenails. [potion of
                  | mutation]
 83416 | Zot:5    | Noticed an ancient lich
 83417 | Zot:5    | Noticed an ancient lich
 83422 | Zot:5    | Noticed an orb of fire
 83438 | Zot:4    | Killed an ancient lich
 83444 | Zot:4    | Gained mutation: Armour fits poorly on your strangely
                  | shaped body. [an orb of fire]
 83449 | Zot:4    | Gained mutation: You are frail. (-10% HP) [an orb of fire]
 83456 | Zot:4    | Gained mutation: You are clumsy. (Dex -2) [a cacodemon]
 83458 | Zot:4    | Killed an orb of fire
 83459 | Zot:4    | Killed an ancient lich
 83481 | Zot:5    | Reached skill level 13 in Evocations
 83672 | Zot:5    | Noticed an ancient lich
 83682 | Zot:5    | Killed an ancient lich
 83732 | Zot:5    | Noticed an ancient lich
 83739 | Zot:5    | Reached skill level 17 in Dodging
 83740 | Zot:5    | Killed an ancient lich
 83768 | Zot:5    | HP: 20/245 [shadow dragon/bolt of negative energy (50)]
 84027 | Zot:4    | Lost mutation: You are frail. (-10% HP) [potion of
                  | mutation]
 84027 | Zot:4    | Lost mutation: You are clumsy. (Dex -2) [potion of
                  | mutation]
 84027 | Zot:4    | Lost mutation: You are weak. (Str -2) [potion of mutation]
 84027 | Zot:4    | Lost mutation: Your body sometimes deteriorates upon taking
                  | damage. [potion of mutation]
 84027 | Zot:4    | Gained mutation: You have a pair of horns on your head.
                  | [potion of mutation]
 84028 | Zot:4    | Lost mutation: You have a pair of horns on your head.
                  | [potion of mutation]
 84028 | Zot:4    | Lost mutation: You have a pair of small horns on your head.
                  | [potion of mutation]
 84028 | Zot:4    | Lost mutation: Armour fits poorly on your strangely shaped
                  | body. [potion of mutation]
 84028 | Zot:4    | Lost mutation: You are dopey. (Int -2) [potion of mutation]
 84028 | Zot:4    | Gained mutation: You are dopey. (Int -2) [potion of
                  | mutation]
 84028 | Zot:4    | Gained mutation: You possess an exceptional clarity of
                  | mind. [potion of mutation]
 84284 | Zot:5    | Noticed an orb of fire
 84287 | Zot:5    | Gained mutation: You are frail. (-10% HP) [an orb of fire]
 84307 | Zot:5    | Gained mutation: Armour fits poorly on your strangely
                  | shaped body. [an orb of fire]
 84311 | Zot:5    | Gained mutation: You are clumsy. (Dex -2) [an orb of fire]
 84326 | Zot:5    | Killed an orb of fire
 84470 | Zot:5    | Reached skill level 25 in Armour
 84474 | Zot:5    | Reached skill level 24 in Shields
 84918 | Zot:5    | Got the Orb of Zot
 85387 | D:13     | Noticed Nyph the pandemonium lord
 85667 | D:$      | Escaped with the Orb!

Vault maps used:
D:1:      matt_arrival_grand_opening, grunt_decor_one_mirror
D:2:      lemuel_crystal_altar
D:3:      elyvilon_altar_5, uniq_jessica, uniq_ijyb, uniq_natasha, uniq_sigmund
D:4:      first_ration, serial_shops, kennysheep_mini_moat, solitary_fountain
D:5:      basic_altar, minmay_manual_mares, uniq_eustachio
D:6:      grunt_ministairs_14, led_sif_book
D:7:      minmay_temple_entry_fiery, serial_shops, nicolae_shop_waterfront,
          uniq_harold
D:8:      lemuel_coloured_pillars_altar, minmay_door_square, grunt_pizzeria,
          worms_lemuel, uniq_grum
D:9:      minmay_the_grid_square_5x5_4x4,
          grunt_temple_overflow_order_and_chaos_2, orc_0_dummy, enter_bailey_6,
          uniq_prince_ribbit1, uniq_maurice, uniq_erolcha
D:10:     serial_park_tiny_1, minivault_27, bh_circular_ruins
D:11:     grunt_lair_entry_orc_guard_hut, minmay_circle_x
D:12:     serial_shops, freezing_bzr, moated_statue, uniq_nergalle, uniq_sonja
D:13:     minmay_goldmine, serial_shops, nicolae_shop_statue_plus,
          hangedman_ru_absence
D:14:     ximxim_vaults_locker_room, minmay_misc_feat_five,
          nicolae_trove_entry_diagonal, minmay_fractal_squares_gapless_7
D:15:     grunt_enter_depths_magical_seal, serial_shops,
          nicolae_shop_competitors_out_of_business
Temple:   compressed_dpeg_circular_temple
Lair:2:   dpeg_oklob_gauntlet, skrybe_swamp_entry_bodies,
          hangedman_lair_unloving_vines, bobbens_dragon_lair_wall,
          lemuel_fruit_fields
Lair:3:   grunt_megastairs_2, infiniplex_staircase_pool_2
Lair:4:   dummy_snake_entry, wad_woods_antlair, serial_bayou_shore_b,
          minmay_lair_oklob_chamber, grunt_megastairs_1
Lair:5:   regret_index_harrowing_hell_hive, slime_altar_1, serial_bayou_shore_b
Lair:6:   cheibrodos_lair_end_hotspot, nicolae_lair_grove_arrangements
Swamp:1:  infiniplex_staircase_pool, swamp_pool1, uniq_louise
Swamp:2:  gammafunk_mikee_crab_dinner, serial_swamp_ruin,
          hangedman_swamp_ruin_wall, evilmike_swamp_ruin_house_3, swamp_pool2
Swamp:3:  evilmike_swamp_ruin_house_5, swamp_pool3,
          nicolae_swamp_feature_on_the_river_bank
Swamp:4:  swamp_vile
Snake:2:  nicolae_snake_lava_pool
Snake:3:  ebering_ghost_xom, serial_bayou_lagoon_a, grunt_ministairs_2
Snake:4:  grunt_snake_rune_spirals, st_stairs_10, uniq_asterion, uniq_nikola
Slime:1:  cheibrodos_slime_lost_civilization_2, nicolae_slime_phagocytosis
Slime:2:  cheibrodos_slime_lost_civilization_8
Slime:4:  cheibrodos_slime_lost_civilization_10, dissolution_awaits
Orc:1:    guppyfry_library_mini
Orc:2:    grunt_orc_community_town_hall, grunt_orc_community_big_house_2,
          grunt_orc_community_big_house_2, grunt_orc_community_house_1,
          grunt_orc_community_house_3, grunt_orc_community_house_1,
          grunt_orc_community_house_1, grunt_orc_community_house_3,
          grunt_orc_community_house_3, basic_altar, hangedman_minor_magic
Elf:1:    eino_elf_arrival_the_gate, serial_shops, nicolae_shop_window_shopping,
          basic_altar, hangedman_elf_represent
Elf:2:    portal_desolation_entry_holy_temple, st_stairs_5, minmay_shop_mass,
          fountainhead, minmay_shop_grove
Elf:3:    minmay_elf_hall_dome
Vaults:1: v_misc_4, v_rooms_1, nicolae_vaults_big_ls, hangedman_vaults_nodes,
          hangedman_vaults_trim, nicolae_vaults_yaktaur_gun_rack,
          nicolae_vaults_little_squares_4, v_misc_22, v_misc_19,
          grunt_vaults_hallway_short, serial_shops, shop_coins
Vaults:2: v_alt_pattern_2, grunt_vaults_hallway_short, v_alt_pattern_2,
          nicolae_vaults_what_the_h, nicolae_vaults_little_ls,
          vaults_room_fours, serial_shops, shop_fountains, shop_statue,
          nicolae_shop_behind_doors, nicolae_shop_statue_plus
Vaults:3: minmay_crypt_entry_simple_plaza, ontoclasm_vaults_bender,
          vaults_room_door_ring, nicolae_vaults_little_squares_2,
          hangedman_vaults_slice, hangedman_vaults_stitches,
          hangedman_vaults_hat, nicolae_vaults_little_squares_6,
          ontoclasm_vaults_eye, ontoclasm_vaults_shout,
          ontoclasm_vaults_misaligned, nicolae_vaults_rhombus_6,
          hangedman_vaults_snaps, serial_shops, shop
Vaults:4: nicolae_vaults_rhombus_6, nicolae_vaults_specimen_jars, v_rooms_3,
          nicolae_vaults_know_your_exits, v_misc_28, hangedman_vaults_locks,
          nicolae_vaults_back_hallway, hangedman_vaults_maws, v_misc_24,
          v_misc_30, vaults_dpeg_encased_lava, serial_shops,
          nicolae_shop_statue_plus
Vaults:5: serial_shops
Crypt:1:  mu_enter_wizlab_3
Crypt:2:  uniq_saint_roka
Crypt:3:  quadcrypt_mu
Depths:1: gammafunk_ghost_icy, abyss_entry_flame_altar, serial_corexii_hall,
          chequers_hall_statues_corner_a, chequers_hall_statues_corner_a,
          grunt_mini_vestibule, grunt_absolute_annihilation
Depths:2: four-leaf_vault, hell_entry, minmay_misc_feat_tower,
          minmay_hollow_rounded_squares
Depths:3: lemuel_traditional_vault, pan_entry, serial_sigils,
          serial_sigils_hangedman_scratch, serial_sigils_hangedman_shear,
          serial_sigils_hangedman_stare, serial_sigils_hangedman_gut,
          serial_sigils_hangedman_quiver, pf_coc_iceberg, uniq_boris
Depths:4: evilmike_marble_ring, enter_ziggurat_f,
          minmay_staircase_statues_hall_small, pf_hell_entry_tar_spiral,
          abyss_entry_small_statue_room, serial_bayou_shore_b
Depths:5: grunt_zot_entry_hairpin, hell_entry, guppyfry_shop_earth
Zot:1:    ebering_ghost_rock_garden, st_single_dragon_hoard_1
Zot:2:    nicolae_moth_party
Zot:3:    door_vault
Bazaar:   bazaar_minmay_cross
Trove:    trove_armour_2
WizLab:   wizlab_demon

Skill      XL: |  1  2  3  4  5  6  7  8  9 10 11 12 13 14 15 16 17 18 19 20 21 22 23 24 25 26 27 |
---------------+----------------------------------------------------------------------------------+-----
Axes           | 3 4 5 6 8 9 11 13 14 15 16 17 18 19 20 | 20.0
Fighting       | 4 8 10 11 13 14 15 16 17 18 19 20 21 22 23 24 25 26 27 | 27.0
Shields        | 5 7 10 13 15 20 24 | 24.2
Armour         | 5 8 10 11 12 13 15 16 17 18 19 25 | 25.2
Invocations    | 5 7 9 10 11 13 15 18 19 21 23 27 | 27.0
Evocations     | 4 6 8 10 13 | 13.0
Dodging        | 2 4 6 7 8 10 17 | 17.6

Action                   |  1- 3 |  4- 6 |  7- 9 | 10-12 | 13-15 | 16-18 | 19-21 | 22-24 | 25-27 || total
-------------------------+-------+-------+-------+-------+-------+-------+-------+-------+-------++-------
Melee: War axe           |   110 |   175 |   327 |   791 |   217 |       |       |       |       ||  1620
       Battleaxe         |       |       |       |       |   863 |  1010 |  1116 |       |       ||  2989
       Dire flail        |       |       |       |       |    31 |       |       |       |       ||    31
       Broad axe         |       |       |       |       |       |       |   337 |  1427 |  2743 ||  4507
       Headbutt          |       |       |       |       |       |       |       |       |   229 ||   229
Invok: Upheaval          |       |       |       |     2 |     2 |     7 |     8 |    10 |    18 ||    47
       Elemental Force   |       |       |       |       |     5 |     3 |     4 |     2 |     2 ||    16
       Disaster Area     |       |       |       |       |     1 |     2 |       |     2 |     7 ||    12
 Abil: Evoke Flight      |       |       |       |       |       |       |    18 |       |       ||    18
       Evoke Invisibilit |       |       |       |       |       |       |       |     2 |     3 ||     5
Evoke: Wand              |       |     1 |       |       |    21 |       |       |       |    22 ||    44
  Use: Scroll            |       |     5 |     6 |     6 |    16 |     5 |     4 |     7 |    17 ||    66
       Potion            |       |       |     7 |     4 |     1 |     7 |       |     5 |    21 ||    45
 Stab: Petrified         |       |       |       |       |     3 |       |       |       |       ||     3
       Distracted        |       |       |       |       |     1 |     1 |     2 |       |     2 ||     6
       Confused          |       |       |       |       |       |       |     2 |       |       ||     2
       Invisible         |       |       |       |       |       |       |       |     3 |    15 ||    18
       Held in net/web   |       |       |       |       |       |       |       |       |     2 ||     2
  Eat: Chunk             |     3 |     6 |    12 |    33 |    41 |    15 |    28 |    19 |    27 ||   184
       Ration            |       |       |     2 |     2 |       |     7 |     6 |     5 |    11 ||    33
Armor: Scale mail        |    42 |    53 |    91 |       |       |       |       |       |       ||   186
       Chain mail        |       |       |    12 |   138 |    32 |   495 |   641 |   130 |       ||  1448
       Plate armour      |       |       |       |   183 |    85 |       |       |       |       ||   268
       Skin              |       |       |       |    18 |       |       |       |       |       ||    18
       Shadow dragon sca |       |       |       |       |   363 |       |       |       |       ||   363
       Crystal plate arm |       |       |       |       |       |       |       |    97 |   447 ||   544
Dodge: Dodged            |    19 |    37 |    56 |   117 |   333 |   406 |   444 |   114 |   274 ||  1800
       Deflected         |       |       |       |       |    17 |   102 |    62 |    13 |    44 ||   238
Block: Shield            |    64 |    98 |   194 |   565 |   170 |       |       |       |       ||  1091
       Reflection        |       |     3 |     4 |    41 |     5 |       |    21 |    79 |   137 ||   290
       Other             |       |       |       |       |   261 |   403 |   297 |       |       ||   961
       Large shield      |       |       |       |       |       |       |   271 |  1197 |  2273 ||  3741
       Rpst.: Broad axe  |       |       |       |       |       |       |       |       |    33 ||    33

Table legend:
 A = Non-vault XP
 B = Vault XP
 C = Vault XP percentage of total XP
 D = Non-vault monster count
 E = Vault monster count
 F = Vault count percentage of total count
                 A         B        C        D         E       F
            +---------+---------+-------+---------+---------+-------
      Total | 1104575 |  990152 |  47.3 |    1865 |    1092 |  36.9
            +---------+---------+-------+---------+---------+-------
        D:1 |      28 |       0 |   0.0 |      17 |       0 |   0.0
        D:2 |      58 |      72 |  55.4 |      17 |       2 |  10.5
        D:3 |      81 |     258 |  76.1 |      26 |       2 |   7.1
        D:4 |     544 |       0 |   0.0 |      25 |       0 |   0.0
        D:5 |     246 |     427 |  63.4 |      13 |       3 |  18.8
        D:6 |     336 |     153 |  31.3 |      11 |       2 |  15.4
        D:7 |    1207 |     965 |  44.4 |      23 |       1 |   4.2
        D:8 |    2803 |    4513 |  61.7 |      33 |      22 |  40.0
        D:9 |    5176 |    2569 |  33.2 |      25 |      14 |  35.9
       D:10 |    4274 |     155 |   3.5 |      34 |       2 |   5.6
       D:11 |    4882 |    1274 |  20.7 |      38 |      10 |  20.8
       D:12 |    7206 |    1145 |  13.7 |      51 |       2 |   3.8
       D:13 |    9617 |     324 |   3.3 |      37 |      11 |  22.9
       D:14 |   12288 |   10308 |  45.6 |      41 |      18 |  30.5
       D:15 |    5149 |    6841 |  57.1 |      26 |      11 |  29.7
     Lair:1 |    2791 |       0 |   0.0 |      13 |       0 |   0.0
     Lair:2 |    4506 |    6244 |  58.1 |      23 |      23 |  50.0
     Lair:3 |    4308 |    1518 |  26.1 |      17 |       8 |  32.0
     Lair:4 |   14591 |    6491 |  30.8 |      42 |      22 |  34.4
     Lair:5 |   11325 |   10069 |  47.1 |      38 |      55 |  59.1
     Lair:6 |    8705 |    8155 |  48.4 |      26 |      27 |  50.9
    Swamp:1 |   11335 |    1734 |  13.3 |      31 |       1 |   3.1
    Swamp:2 |   16133 |   10101 |  38.5 |      38 |      14 |  26.9
    Swamp:3 |   18120 |       0 |   0.0 |      39 |       0 |   0.0
    Swamp:4 |    8070 |   21708 |  72.9 |      24 |      30 |  55.6
    Snake:1 |   22447 |       0 |   0.0 |      41 |       0 |   0.0
    Snake:2 |    5004 |     780 |  13.5 |      11 |      12 |  52.2
    Snake:3 |   21093 |    3807 |  15.3 |      41 |       5 |  10.9
    Snake:4 |   29377 |   62928 |  68.2 |      56 |      87 |  60.8
    Slime:1 |    6535 |    1077 |  14.1 |      19 |       4 |  17.4
    Slime:2 |    4275 |       0 |   0.0 |       5 |       0 |   0.0
    Slime:3 |    4958 |       0 |   0.0 |      17 |       0 |   0.0
    Slime:4 |   13059 |   13499 |  50.8 |      25 |       1 |   3.8
    Slime:5 |   11502 |   31198 |  73.1 |      24 |      12 |  33.3
      Orc:1 |    1560 |     202 |  11.5 |      23 |       8 |  25.8
      Orc:2 |    8408 |    7173 |  46.0 |      42 |      89 |  67.9
      Elf:1 |    7656 |    8670 |  53.1 |      12 |      12 |  50.0
      Elf:2 |   20138 |   25154 |  55.5 |      31 |      30 |  49.2
      Elf:3 |   27447 |   36606 |  57.1 |      55 |      24 |  30.4
   Vaults:1 |   20837 |   17307 |  45.4 |      40 |      33 |  45.2
   Vaults:2 |   20665 |   16838 |  44.9 |      28 |      28 |  50.0
   Vaults:3 |   41506 |   32865 |  44.2 |      71 |      38 |  34.9
   Vaults:4 |   39770 |   15810 |  28.4 |      61 |      20 |  24.7
   Vaults:5 |   40818 |  128308 |  75.9 |      53 |      90 |  62.9
    Crypt:1 |   33722 |       0 |   0.0 |      45 |       0 |   0.0
    Crypt:2 |   35836 |    4871 |  12.0 |      50 |      10 |  16.7
    Crypt:3 |       0 |   67024 | 100.0 |       0 |      81 | 100.0
   Depths:1 |   23228 |   26928 |  53.7 |      26 |      31 |  54.4
   Depths:2 |   52059 |   39878 |  43.4 |      60 |      31 |  34.1
   Depths:3 |   29389 |   47888 |  62.0 |      36 |      27 |  42.9
   Depths:4 |   55189 |   21470 |  28.0 |      63 |      19 |  23.2
   Depths:5 |   42551 |   20338 |  32.3 |      32 |      15 |  31.9
      Zot:1 |   82891 |   11373 |  12.1 |      42 |       2 |   4.5
      Zot:2 |   78424 |   14190 |  15.3 |      43 |      12 |  21.8
      Zot:3 |   38816 |   48756 |  55.7 |      19 |      16 |  45.7
      Zot:4 |   47312 |   44019 |  48.2 |      26 |       6 |  18.8
      Zot:5 |   44815 |  120566 |  72.9 |      27 |      35 |  56.5
      Zig:1 |    2103 |       0 |   0.0 |       5 |       0 |   0.0
      Zig:2 |    1033 |       0 |   0.0 |       4 |       0 |   0.0
      Zig:3 |    2349 |       0 |   0.0 |       6 |       0 |   0.0
      Zig:4 |    2131 |       0 |   0.0 |       8 |       0 |   0.0
      Zig:5 |   19395 |       0 |   0.0 |       3 |       0 |   0.0
      Zig:6 |   12498 |       0 |   0.0 |       7 |       0 |   0.0
     WizLab |       0 |   25605 | 100.0 |       0 |      34 | 100.0
            +---------+---------+-------+---------+---------+-------

Vault maps used:
D:1:      matt_arrival_grand_opening, grunt_decor_one_mirror
D:2:      lemuel_crystal_altar
D:3:      elyvilon_altar_5, uniq_jessica, uniq_ijyb, uniq_natasha, uniq_sigmund
D:4:      first_ration, serial_shops, kennysheep_mini_moat, solitary_fountain
D:5:      basic_altar, minmay_manual_mares, uniq_eustachio
D:6:      grunt_ministairs_14, led_sif_book
D:7:      minmay_temple_entry_fiery, serial_shops, nicolae_shop_waterfront,
          uniq_harold
D:8:      lemuel_coloured_pillars_altar, minmay_door_square, grunt_pizzeria,
          worms_lemuel, uniq_grum
D:9:      minmay_the_grid_square_5x5_4x4,
          grunt_temple_overflow_order_and_chaos_2, orc_0_dummy, enter_bailey_6,
          uniq_prince_ribbit1, uniq_maurice, uniq_erolcha
D:10:     serial_park_tiny_1, minivault_27, bh_circular_ruins
D:11:     grunt_lair_entry_orc_guard_hut, minmay_circle_x
D:12:     serial_shops, freezing_bzr, moated_statue, uniq_nergalle, uniq_sonja
D:13:     minmay_goldmine, serial_shops, nicolae_shop_statue_plus,
          hangedman_ru_absence
D:14:     ximxim_vaults_locker_room, minmay_misc_feat_five,
          nicolae_trove_entry_diagonal, minmay_fractal_squares_gapless_7
D:15:     grunt_enter_depths_magical_seal, serial_shops,
          nicolae_shop_competitors_out_of_business
Temple:   compressed_dpeg_circular_temple
Lair:2:   dpeg_oklob_gauntlet, skrybe_swamp_entry_bodies,
          hangedman_lair_unloving_vines, bobbens_dragon_lair_wall,
          lemuel_fruit_fields
Lair:3:   grunt_megastairs_2, infiniplex_staircase_pool_2
Lair:4:   dummy_snake_entry, wad_woods_antlair, serial_bayou_shore_b,
          minmay_lair_oklob_chamber, grunt_megastairs_1
Lair:5:   regret_index_harrowing_hell_hive, slime_altar_1, serial_bayou_shore_b
Lair:6:   cheibrodos_lair_end_hotspot, nicolae_lair_grove_arrangements
Swamp:1:  infiniplex_staircase_pool, swamp_pool1, uniq_louise
Swamp:2:  gammafunk_mikee_crab_dinner, serial_swamp_ruin,
          hangedman_swamp_ruin_wall, evilmike_swamp_ruin_house_3, swamp_pool2
Swamp:3:  evilmike_swamp_ruin_house_5, swamp_pool3,
          nicolae_swamp_feature_on_the_river_bank
Swamp:4:  swamp_vile
Snake:2:  nicolae_snake_lava_pool
Snake:3:  ebering_ghost_xom, serial_bayou_lagoon_a, grunt_ministairs_2
Snake:4:  grunt_snake_rune_spirals, st_stairs_10, uniq_asterion, uniq_nikola
Slime:1:  cheibrodos_slime_lost_civilization_2, nicolae_slime_phagocytosis
Slime:2:  cheibrodos_slime_lost_civilization_8
Slime:4:  cheibrodos_slime_lost_civilization_10, dissolution_awaits
Orc:1:    guppyfry_library_mini
Orc:2:    grunt_orc_community_town_hall, grunt_orc_community_big_house_2,
          grunt_orc_community_big_house_2, grunt_orc_community_house_1,
          grunt_orc_community_house_3, grunt_orc_community_house_1,
          grunt_orc_community_house_1, grunt_orc_community_house_3,
          grunt_orc_community_house_3, basic_altar, hangedman_minor_magic
Elf:1:    eino_elf_arrival_the_gate, serial_shops, nicolae_shop_window_shopping,
          basic_altar, hangedman_elf_represent
Elf:2:    portal_desolation_entry_holy_temple, st_stairs_5, minmay_shop_mass,
          fountainhead, minmay_shop_grove
Elf:3:    minmay_elf_hall_dome
Vaults:1: v_misc_4, v_rooms_1, nicolae_vaults_big_ls, hangedman_vaults_nodes,
          hangedman_vaults_trim, nicolae_vaults_yaktaur_gun_rack,
          nicolae_vaults_little_squares_4, v_misc_22, v_misc_19,
          grunt_vaults_hallway_short, serial_shops, shop_coins
Vaults:2: v_alt_pattern_2, grunt_vaults_hallway_short, v_alt_pattern_2,
          nicolae_vaults_what_the_h, nicolae_vaults_little_ls,
          vaults_room_fours, serial_shops, shop_fountains, shop_statue,
          nicolae_shop_behind_doors, nicolae_shop_statue_plus
Vaults:3: minmay_crypt_entry_simple_plaza, ontoclasm_vaults_bender,
          vaults_room_door_ring, nicolae_vaults_little_squares_2,
          hangedman_vaults_slice, hangedman_vaults_stitches,
          hangedman_vaults_hat, nicolae_vaults_little_squares_6,
          ontoclasm_vaults_eye, ontoclasm_vaults_shout,
          ontoclasm_vaults_misaligned, nicolae_vaults_rhombus_6,
          hangedman_vaults_snaps, serial_shops, shop
Vaults:4: nicolae_vaults_rhombus_6, nicolae_vaults_specimen_jars, v_rooms_3,
          nicolae_vaults_know_your_exits, v_misc_28, hangedman_vaults_locks,
          nicolae_vaults_back_hallway, hangedman_vaults_maws, v_misc_24,
          v_misc_30, vaults_dpeg_encased_lava, serial_shops,
          nicolae_shop_statue_plus
Vaults:5: serial_shops
Crypt:1:  mu_enter_wizlab_3
Crypt:2:  uniq_saint_roka
Crypt:3:  quadcrypt_mu
Depths:1: gammafunk_ghost_icy, abyss_entry_flame_altar, serial_corexii_hall,
          chequers_hall_statues_corner_a, chequers_hall_statues_corner_a,
          grunt_mini_vestibule, grunt_absolute_annihilation
Depths:2: four-leaf_vault, hell_entry, minmay_misc_feat_tower,
          minmay_hollow_rounded_squares
Depths:3: lemuel_traditional_vault, pan_entry, serial_sigils,
          serial_sigils_hangedman_scratch, serial_sigils_hangedman_shear,
          serial_sigils_hangedman_stare, serial_sigils_hangedman_gut,
          serial_sigils_hangedman_quiver, pf_coc_iceberg, uniq_boris
Depths:4: evilmike_marble_ring, enter_ziggurat_f,
          minmay_staircase_statues_hall_small, pf_hell_entry_tar_spiral,
          abyss_entry_small_statue_room, serial_bayou_shore_b
Depths:5: grunt_zot_entry_hairpin, hell_entry, guppyfry_shop_earth
Zot:1:    ebering_ghost_rock_garden, st_single_dragon_hoard_1
Zot:2:    nicolae_moth_party
Zot:3:    door_vault
Bazaar:   bazaar_minmay_cross
Trove:    trove_armour_2
WizLab:   wizlab_demon

Table legend:
 A = Turns spent in this place as a percentage of turns spent in the entire game.
 B = Non-inter-level travel turns spent in this place as a percentage of non-inter-level travel turns spent in the entire game.
 C = Inter-level travel turns spent in this place as a percentage of turns spent in this place.
 D = Turns resting spent in this place as a percentage of non-inter-level travel turns spent in this place.
 E = Turns spent auto-exploring this place as a percentage of non-inter-level travel turns spent in this place.
 F = Non-inter-level travel turns spent in this place divided by the number of levels of this place that you've seen.
                   A       B       C       D       E      F
               +-------+-------+-------+-------+-------+----------------------
         Total | 100.0 | 100.0 |   6.5 |  24.6 |  51.4 | 1195.2
       Dungeon |  27.7 |  27.4 |   7.6 |  29.1 |  51.6 | 1463.3
        Temple |   0.1 |   0.1 |  29.4 |   0.0 |  80.9 |  89.0
          Lair |  13.8 |  13.5 |   7.9 |  25.8 |  57.0 | 1808.2
         Swamp |   6.3 |   6.4 |   4.2 |  23.0 |  53.1 | 1288.5
     Snake Pit |   8.6 |   8.8 |   4.1 |  41.9 |  38.9 | 1764.0
    Slime Pits |   1.2 |   1.2 |   9.6 |  11.3 |  32.3 | 187.2
  Orcish Mines |   3.3 |   3.0 |  14.4 |  23.7 |  48.9 | 1203.5
   Elven Halls |   6.5 |   6.6 |   5.6 |  35.4 |  38.6 | 1752.0
        Vaults |   9.8 |   9.9 |   5.9 |   7.4 |  63.5 | 1588.6
         Crypt |   5.5 |   5.7 |   3.1 |  23.8 |  47.0 | 1532.0
        Depths |   7.7 |   7.7 |   6.4 |   5.7 |  64.2 | 1230.4
           Zot |   7.6 |   7.7 |   6.3 |  18.2 |  54.2 | 1227.0
      Ziggurat |   0.6 |   0.7 |   0.0 |  58.3 |   0.0 |  92.0
        Bazaar |   0.1 |   0.1 |   0.0 |   0.0 |  46.3 |  67.0
         Trove |   0.2 |   0.2 |   0.0 |   0.0 |   0.0 | 147.0
        Wizlab |   0.9 |   1.0 |   0.0 |  47.7 |  10.1 | 791.0
               +-------+-------+-------+-------+-------+----------------------

Table legend:
 A = Kills in this place as a percentage of kills in entire the game.
 B = Kills by you in this place as a percentage of kills by you in the entire game.
 C = Kills by friends in this place as a percentage of kills by friends in the entire game.
 D = Other kills in this place as a percentage of other kills in the entire game.
 E = Experience gained in this place as a percentage of experience gained in the entire game.
 F = Experience gained in this place divided by the number of levels of this place that you have seen.
                   A       B       C       D       E      F
               +-------+-------+-------+-------+-------+----------------------
         Total | 100.0 | 100.0 | 100.0 | 100.0 | 100.0 | 31669.2
       Dungeon |  17.8 |  17.9 |   6.7 |  11.4 |   4.6 | 6471.1
          Lair |   9.9 |   9.8 |  40.0 |   0.0 |   3.7 | 13117.2
         Swamp |   5.9 |   6.0 |   0.0 |   2.9 |   4.1 | 21800.2
     Snake Pit |   8.5 |   8.5 |  20.0 |   2.9 |   6.9 | 36359.0
    Slime Pits |   3.6 |   3.6 |   0.0 |   0.0 |   4.1 | 17220.6
  Orcish Mines |   5.4 |   5.4 |  33.3 |   0.0 |   0.8 | 8671.5
   Elven Halls |   5.5 |   5.6 |   0.0 |   0.0 |   5.9 | 41890.3
        Vaults |  15.5 |  15.4 |   0.0 |  31.4 |  17.7 | 74944.8
         Crypt |   6.2 |   6.3 |   0.0 |   2.9 |   6.7 | 47151.0
        Depths |  11.6 |  11.3 |   0.0 |  42.9 |  17.1 | 72472.8
           Zot |   7.8 |   7.9 |   0.0 |   2.9 |  25.5 | 108131.6
      Ziggurat |   1.1 |   1.1 |   0.0 |   2.9 |   1.9 | 6584.8
        Wizlab |   1.1 |   1.2 |   0.0 |   0.0 |   1.2 | 25605.0
               +-------+-------+-------+-------+-------+----------------------
